Workbook
Name AGUA: [1]INSUMOS!#REF!
Name AGUA: [1]INSUMOS!#REF!
Name AGUA: [1]INSUMOS!#REF!
Name AGUA: [1]INSUMOS!#REF!
Name AreaTeste2: #REF!
Name AreaTeste2: #REF!
Name AreaTeste2: #REF!
Name Aterro_arenoso: [2]Preços!$C$15
Name bdi: '[3]Comparativo Av. Cristóvão'!#REF!
Name bdi: '[4]Comparativo Av. Cristóvão'!#REF!
Name BDI_redes: #REF!
Name BDI_redes: #REF!
Name BDI_redes: #REF!
Name Carrinho_de_mão: [2]Preços!$C$291
Name casa: [1]INSUMOS!#REF!
Name casa: [1]INSUMOS!#REF!
Name casa: [1]INSUMOS!#REF!
Name casa: [1]INSUMOS!#REF!
Name CélulaInicioPlanilha: #REF!
Name CélulaInicioPlanilha: #REF!
Name CélulaInicioPlanilha: #REF!
Name CélulaResumo: #REF!
Name CélulaResumo: #REF!
Name CélulaResumo: #REF!
Name Compactador_de_placa_vibratória: [2]Preços!$C$286
Name dados_re: [5]RE!$B$13:$P$37
Name Encarregado: [2]Preços!$C$277
Name Excel_BuiltIn_Print_Area_6_1: #REF!
Name Excel_BuiltIn_Print_Area_6_1: #REF!
Name Excel_BuiltIn_Print_Area_6_1: #REF!
Name Excel_BuiltIn_Print_Titles_1_1: #REF!
Name Excel_BuiltIn_Print_Titles_1_1: #REF!
Name Excel_BuiltIn_Print_Titles_1_1: #REF!
Name iv: #REF!
Name iv: #REF!
Name iv: #REF!
Name k: #REF!
Name k: #REF!
Name k: #REF!
Name LADRILHISTA: [1]INSUMOS!#REF!
Name LADRILHISTA: [1]INSUMOS!#REF!
Name LADRILHISTA: [1]INSUMOS!#REF!
Name LADRILHISTA: [1]INSUMOS!#REF!
Name llllllll: #REF!
Name llllllll: #REF!
Name llllllll: #REF!
Name LOCAÇÃO: [1]INSUMOS!#REF!
Name LOCAÇÃO: [1]INSUMOS!#REF!
Name LOCAÇÃO: [1]INSUMOS!#REF!
Name LOCAÇÃO: [1]INSUMOS!#REF!
Name M: #REF!
Name M: #REF!
Name M: #REF!
Name MAO_DE_OBRA_PARA_COLOCACAO_DE_VIDRO_COM_MASSA: [1]INSUMOS!#REF!
Name MAO_DE_OBRA_PARA_COLOCACAO_DE_VIDRO_COM_MASSA: [1]INSUMOS!#REF!
Name MAO_DE_OBRA_PARA_COLOCACAO_DE_VIDRO_COM_MASSA: [1]INSUMOS!#REF!
Name MAO_DE_OBRA_PARA_COLOCACAO_DE_VIDRO_COM_MASSA: [1]INSUMOS!#REF!
Name MAPA: #REF!
Name MAPA: #REF!
Name MAPA: #REF!

Sheet Resumo do Orçamento
A3: PREFEITURA MUNICIPAL DE NOVO REPARTIMENTO
A4: SECRETARIA MUNICIPAL DE GESTÃO E PLANEJAMENTO
A5: DEPARTAMENTO DE ENGENHARIA
A9: Município | D9: Obra | E9: Bancos | F9: B.D.I. | I9: Encargos Sociais
A10: NOVO REPARTIMENTO-PA | D10: CONSTRUÇÃO DA FÁBRICA E ESCOLA DE CHOCOLATE | E10: SINAPI - 10/2024 - Pará SBC - 11/2024 - Pará SEDOP - 10/2024 - Pará | F10: 28,82% | I10: Desonerado: Horista: 88,37% Mensalista: 48,18%
A11: Planilha Orçamentária Resumida
A12: Item | D12: Descrição | I12: Total | J12: Peso (%)
A13: 1 | D13: SERVIÇOS INICIAIS | G13: 1 | I13: 1142.77 | J13: 0.0022940244
A14: 2 | D14: ESTRUTURA | G14: 1 | I14: 97184.7 | J14: 0.19509094
A15: 3 | D15: VEDAÇÃO | G15: 1 | I15: 51553.83 | J15: 0.10349042
A16: 4 | D16: COBERTURA | G16: 1 | I16: 65060.13 | J16: 0.13060329
A17: 5 | D17: REVESTIMENTO | G17: 1 | I17: 45476.38 | J17: 0.091290394
A18: 6 | D18: PISO | G18: 1 | I18: 41523.98 | J18: 0.08335625
A19: 7 | D19: FORRO | G19: 1 | I19: 12715.14 | J19: 0.025524682
A20: 8 | D20: ESQUADRIAS | G20: 1 | I20: 46636.11 | J20: 0.093618464
A21: 9 | D21: INSTALAÇÕES HIDROSSANITÁRIAS | G21: 1 | I21: 71916.57 | J21: 0.14436708
A22: 10 | D22: INSTALAÇÕES ELÉTRICAS | G22: 1 | I22: 39150.43 | J22: 0.078591528
A23: 11 | D23: PINTURA | G23: 1 | I23: 22834.57 | J23: 0.045838672
A24: 12 | D24: SERVIÇOS FINAIS | G24: 1 | I24: 2956.16 | J24: 0.0059342677
G26: Total sem BDI | I26: 386737.83
G27: Total do BDI | I27: 111412.94
G28: Total Geral | I28: 498150.77
E30: Novo Repartimento-PA, 04 de Fevereiro de 2025
A32: _______________________________________________________________ Williams José Gonçalves de Almeida Setor de Engenharia

Sheet Orçamento Sintético
A3: PREFEITURA MUNICIPAL DE NOVO REPARTIMENTO
A4: SECRETARIA MUNICIPAL DE GESTÃO E PLANEJAMENTO
A5: DEPARTAMENTO DE ENGENHARIA
A9: Município | D9: Obra | E9: Bancos | G9: B.D.I. | I9: Encargos Sociais
A10: NOVO REPARTIMENTO-PA | D10: CONSTRUÇÃO DA FÁBRICA E ESCOLA DE CHOCOLATE | E10: SINAPI - 10/2024 - Pará SBC - 11/2024 - Pará SEDOP - 10/2024 - Pará | G10: 28,82% | I10: Desonerado: Horista: 88,37% Mensalista: 48,18%
A11: Orçamento Sintético
A12: Item | B12: Código | C12: Banco | D12: Descrição | E12: Und | F12: Quant. | G12: Valor Unit | H12: Valor Unit com BDI | I12: Total | J12: Peso (%)
A13: 1 | D13: SERVIÇOS INICIAIS | F13: 1 | H13: 1142.77 | I13: 1142.77 | J13: 0.0022940244
A14: 1.1 | B14: 011340 | C14: SEDOP | D14: Placa de obra em lona com plotagem de gráfica | E14: m² | F14: 4.5 | G14: 197.14 | H14: 253.95 | I14: 1142.77 | J14: 0.0022940244
A15: 2 | D15: ESTRUTURA | F15: 1 | H15: 97184.7 | I15: 97184.7 | J15: 0.19509094
A16: 2.1 | D16: FUNDAÇÃO | F16: 1 | H16: 38645.78 | I16: 38645.78 | J16: 0.077578481
A17: 2.1.1 | B17: 93358 | C17: SINAPI | D17: ESCAVAÇÃO MANUAL DE VALA. AF_09/2024 | E17: m³ | F17: 20.87 | G17: 81.37 | H17: 104.82 | I17: 2187.59 | J17: 0.0043914215
A18: 2.1.2 | B18: 96544 | C18: SINAPI | D18: ARMAÇÃO DE BLOCO UTILIZANDO AÇO CA-50 DE 6,3 MM - MONTAGEM. AF_01/2024 | E18: KG | F18: 106 | G18: 18.51 | H18: 23.84 | I18: 2527.04 | J18: 0.0050728417
A19: 2.1.3 | B19: 96545 | C19: SINAPI | D19: ARMAÇÃO DE BLOCO UTILIZANDO AÇO CA-50 DE 8 MM - MONTAGEM. AF_01/2024 | E19: KG | F19: 246 | G19: 16.93 | H19: 21.8 | I19: 5362.8 | J19: 0.010765415
A20: 2.1.4 | B20: 96546 | C20: SINAPI | D20: ARMAÇÃO DE BLOCO UTILIZANDO AÇO CA-50 DE 10 MM - MONTAGEM. AF_01/2024 | E20: KG | F20: 192 | G20: 14.94 | H20: 19.24 | I20: 3694.08 | J20: 0.0074155862
A21: 2.1.5 | B21: 96543 | C21: SINAPI | D21: ARMAÇÃO DE BLOCO UTILIZANDO AÇO CA-60 DE 5 MM - MONTAGEM. AF_01/2024 | E21: KG | F21: 144 | G21: 20.18 | H21: 25.99 | I21: 3742.56 | J21: 0.0075129062
A22: 2.1.6 | B22: 102482 | C22: SINAPI | D22: CONCRETO FCK = 25MPA, TRAÇO 1:2,2:2,5 (EM MASSA SECA DE CIMENTO/ AREIA MÉDIA/ SEIXO ROLADO) - PREPARO MECÂNICO COM BETONEIRA 600 L. AF_05/2021 | E22: m³ | F22: 11.28 | G22: 723.74 | H22: 932.32 | I22: 10516.56 | J22: 0.021111199
A23: 2.1.7 | B23: 050035 | C23: SEDOP | D23: Formas para concreto em chapa de madeira compensada resinada e=15mm(REAP 2x) - incl. desforma | E23: m² | F23: 85 | G23: 93.74 | H23: 120.75 | I23: 10263.75 | J23: 0.020603702
A24: 2.1.8 | B24: 030254 | C24: SEDOP | D24: Reaterro compactado | E24: m³ | F24: 16.49 | G24: 16.55 | H24: 21.31 | I24: 351.4 | J24: 0.00070540893
A25: 2.2 | D25: SUPERESTRUTURA | F25: 1 | H25: 58538.92 | I25: 58538.92 | J25: 0.11751246
A26: 2.2.1 | B26: 92761 | C26: SINAPI | D26: ARMAÇÃO DE PILAR OU VIGA DE ESTRUTURA CONVENCIONAL DE CONCRETO ARMADO UTILIZANDO AÇO CA-50 DE 8,0 MM - MONTAGEM. AF_06/2022 | E26: KG | F26: 366.9 | G26: 13.58 | H26: 17.49 | I26: 6417.08 | J26: 0.012881803
A27: 2.2.2 | B27: 92762 | C27: SINAPI | D27: ARMAÇÃO DE PILAR OU VIGA DE ESTRUTURA CONVENCIONAL DE CONCRETO ARMADO UTILIZANDO AÇO CA-50 DE 10,0 MM - MONTAGEM. AF_06/2022 | E27: KG | F27: 375.4 | G27: 12.21 | H27: 15.72 | I27: 5901.28 | J27: 0.011846373
A28: 2.2.3 | B28: 92759 | C28: SINAPI | D28: ARMAÇÃO DE PILAR OU VIGA DE ESTRUTURA CONVENCIONAL DE CONCRETO ARMADO UTILIZANDO AÇO CA-60 DE 5,0 MM - MONTAGEM. AF_06/2022 | E28: KG | F28: 177 | G28: 14.84 | H28: 19.11 | I28: 3382.47 | J28: 0.0067900527
A29: 2.2.4 | B29: 050035 | C29: SEDOP | D29: Formas para concreto em chapa de madeira compensada resinada e=15mm(REAP 2x) - incl. desforma | E29: m² | F29: 251.15 | G29: 93.74 | H29: 120.75 | I29: 30326.36 | J29: 0.060877874
A30: 2.2.5 | B30: 102482 | C30: SINAPI | D30: CONCRETO FCK = 25MPA, TRAÇO 1:2,2:2,5 (EM MASSA SECA DE CIMENTO/ AREIA MÉDIA/ SEIXO ROLADO) - PREPARO MECÂNICO COM BETONEIRA 600 L. AF_05/2021 | E30: m³ | F30: 13.42 | G30: 723.74 | H30: 932.32 | I30: 12511.73 | J30: 0.025116352
A31: 3 | D31: VEDAÇÃO | F31: 1 | H31: 51553.83 | I31: 51553.83 | J31: 0.10349042
A32: 3.1 | B32: 060046 | C32: SEDOP | D32: Alvenaria tijolo de barro a cutelo | E32: m² | F32: 304.31 | G32: 111.44 | H32: 143.55 | I32: 43683.7 | J32: 0.087691724
A33: 3.2 | B33: 060045 | C33: SEDOP | D33: Alvenaria tijolo de barro a singelo | E33: m² | F33: 43.74 | G33: 139.68 | H33: 179.93 | I33: 7870.13 | J33: 0.015798691
A34: 4 | D34: COBERTURA | F34: 1 | H34: 65060.13 | I34: 65060.13 | J34: 0.13060329
A35: 4.1 | B35: 070051 | C35: SEDOP | D35: Estrutura em mad. lei p/ telha de barro - pç.aparelhada | E35: m² | F35: 296.76 | G35: 117.89 | H35: 151.86 | I35: 45065.97 | J35: 0.090466527
A36: 4.2 | B36: 070049 | C36: SEDOP | D36: Cobertura - telha de barro paulista ou planatex | E36: m² | F36: 296.76 | G36: 49.98 | H36: 64.38 | I36: 19105.4 | J36: 0.038352646
A37: 4.3 | B37: 94219 | C37: SINAPI | D37: CUMEEIRA E ESPIGÃO PARA TELHA CERÂMICA EMBOÇADA COM ARGAMASSA TRAÇO 1:2:9 (CIMENTO, CAL E AREIA), PARA TELHADOS COM MAIS DE 2 ÁGUAS, INCLUSO TRANSPORTE VERTICAL. AF_07/2019 | E37: M | F37: 20.54 | G37: 33.59 | H37: 43.27 | I37: 888.76 | J37: 0.0017841185
A38: 5 | D38: REVESTIMENTO | F38: 1 | H38: 45476.38 | I38: 45476.38 | J38: 0.091290394
A39: 5.1 | B39: 87894 | C39: SINAPI | D39: CHAPISCO APLICADO EM ALVENARIA (SEM PRESENÇA DE VÃOS) E ESTRUTURAS DE CONCRETO DE FACHADA, COM COLHER DE PEDREIRO. ARGAMASSA TRAÇO 1:3 COM PREPARO EM BETONEIRA 400L. AF_10/2022 | E39: m² | F39: 696.1 | G39: 7.18 | H39: 9.24 | I39: 6431.96 | J39: 0.012911673
A40: 5.2 | B40: 104958 | C40: SINAPI | D40: MASSA ÚNICA, EM ARGAMASSA TRAÇO 1:2:8 PREPARO MECÂNICO, APLICADA MANUALMENTE EM PAREDES INTERNAS DE AMBIENTES COM ÁREA MAIOR QUE 10M², E = 10MM, COM TALISCAS. AF_03/2024 | E40: m² | F40: 696.1 | G40: 26.45 | H40: 34.07 | I40: 23716.12 | J40: 0.047608317
A41: 5.3 | B41: 87273 | C41: SINAPI | D41: REVESTIMENTO CERÂMICO PARA PAREDES INTERNAS COM PLACAS TIPO ESMALTADA DE DIMENSÕES 33X45 CM APLICADAS NA ALTURA INTEIRA DAS PAREDES. AF_02/2023_PE | E41: m² | F41: 169 | G41: 70.41 | H41: 90.7 | I41: 15328.3 | J41: 0.030770403
A42: 6 | D42: PISO | F42: 1 | H42: 41523.98 | I42: 41523.98 | J42: 0.08335625
A43: 6.1 | B43: 94438 | C43: SINAPI | D43: (COMPOSIÇÃO REPRESENTATIVA) DO SERVIÇO DE CONTRAPISO EM ARGAMASSA TRAÇO 1:4 (CIM E AREIA), EM BETONEIRA 400 L, ESPESSURA 3 CM ÁREAS SECAS E 3 CM ÁREAS MOLHADAS, PARA EDIFICAÇÃO HABITACIONAL UNIFAMILIAR (CASA) E EDIFICAÇÃO PÚBLICA PADRÃO. AF_11/2014 | E43: m² | F43: 147.54 | G43: 52.36 | H43: 67.45 | I43: 9951.57 | J43: 0.019977024
A44: 6.2 | B44: 130110 | C44: SEDOP | D44: Camada regularizadora no traço 1:4 | E44: m² | F44: 147.54 | G44: 40.43 | H44: 52.08 | I44: 7683.88 | J44: 0.015424808
A45: 6.3 | B45: 87257 | C45: SINAPI | D45: REVESTIMENTO CERÂMICO PARA PISO COM PLACAS TIPO ESMALTADA DE DIMENSÕES 60X60 CM APLICADA EM AMBIENTES DE ÁREA MAIOR QUE 10 M2. AF_02/2023_PE | E45: m² | F45: 219.84 | G45: 70.81 | H45: 91.21 | I45: 20051.6 | J45: 0.040252071
A46: 6.4 | B46: 88650 | C46: SINAPI | D46: RODAPÉ CERÂMICO DE 7CM DE ALTURA COM PLACAS TIPO ESMALTADA DE DIMENSÕES 60X60CM. AF_02/2023 | E46: M | F46: 102.32 | G46: 12.98 | H46: 16.72 | I46: 1710.79 | J46: 0.0034342816
A47: 6.5 | B47: 94990 | C47: SINAPI | D47: EXECUÇÃO DE PASSEIO (CALÇADA) OU PISO DE CONCRETO COM CONCRETO MOLDADO IN LOCO, FEITO EM OBRA, ACABAMENTO CONVENCIONAL, NÃO ARMADO. AF_08/2022 | E47: m³ | F47: 1.6 | G47: 1031.55 | H47: 1328.84 | I47: 2126.14 | J47: 0.0042680653
A48: 7 | D48: FORRO | F48: 1 | H48: 12715.14 | I48: 12715.14 | J48: 0.025524682
A49: 7.1 | B49: 96113 | C49: SINAPI | D49: FORRO EM PLACAS DE GESSO, PARA AMBIENTES COMERCIAIS. AF_08/2023_PS | E49: m² | F49: 110.31 | G49: 46.5 | H49: 59.9 | I49: 6607.56 | J49: 0.013264177
A50: 7.2 | B50: 96112 | C50: SINAPI | D50: FORRO EM MADEIRA PINUS, PARA AMBIENTES RESIDENCIAIS, INCLUSIVE ESTRUTURA UNIDIRECIONAL DE FIXAÇÃO. AF_08/2023 | E50: m² | F50: 37.23 | G50: 127.35 | H50: 164.05 | I50: 6107.58 | J50: 0.012260505
A51: 8 | D51: ESQUADRIAS | F51: 1 | H51: 46636.11 | I51: 46636.11 | J51: 0.093618464
A52: 8.1 | B52: 90795 | C52: SINAPI | D52: KIT DE PORTA-PRONTA DE MADEIRA EM ACABAMENTO MELAMÍNICO BRANCO, FOLHA LEVE OU MÉDIA, E BATENTE METÁLICO, 70X210CM, FIXAÇÃO COM ARGAMASSA - FORNECIMENTO E INSTALAÇÃO. AF_12/2019 | E52: UN | F52: 6 | G52: 779.44 | H52: 1004.07 | I52: 6024.42 | J52: 0.012093568
A53: 8.2 | B53: 90796 | C53: SINAPI | D53: KIT DE PORTA-PRONTA DE MADEIRA EM ACABAMENTO MELAMÍNICO BRANCO, FOLHA LEVE OU MÉDIA, E BATENTE METÁLICO, 80X210CM, FIXAÇÃO COM ARGAMASSA - FORNECIMENTO E INSTALAÇÃO. AF_12/2019 | E53: UN | F53: 1 | G53: 786.56 | H53: 1013.24 | I53: 1013.24 | J53: 0.0020340027
A54: 8.3 | B54: 90797 | C54: SINAPI | D54: KIT DE PORTA-PRONTA DE MADEIRA EM ACABAMENTO MELAMÍNICO BRANCO, FOLHA LEVE OU MÉDIA, E BATENTE METÁLICO, 90X210CM, FIXAÇÃO COM ARGAMASSA - FORNECIMENTO E INSTALAÇÃO. AF_12/2019 | E54: UN | F54: 4 | G54: 793.69 | H54: 1022.43 | I54: 4089.72 | J54: 0.0082098036
A55: 8.4 | B55: 090065 | C55: SEDOP | D55: Esquadria mad. e=3cm c/ caix. aduela e alizar | E55: m² | F55: 11.7 | G55: 564.76 | H55: 727.52 | I55: 8511.98 | J55: 0.017087156
A56: 8.5 | B56: 090070 | C56: SEDOP | D56: Porta de aço-esteira de enrolar c/ferr.(incl.pint.anti-corrosiva) | E56: m² | F56: 5 | G56: 290.16 | H56: 373.78 | I56: 1868.9 | J56: 0.0037516754
A57: 8.6 | B57: 091376 | C57: SEDOP | D57: Portas de alum.de correr c/ vidro e ferragens | E57: m² | F57: 4.2 | G57: 884.41 | H57: 1139.29 | I57: 4785.01 | J57: 0.0096055457
A58: 8.7 | B58: 94570 | C58: SINAPI | D58: JANELA DE ALUMÍNIO DE CORRER COM 2 FOLHAS PARA VIDROS, COM VIDROS, BATENTE, ACABAMENTO COM ACETATO OU BRILHANTE E FERRAGENS. EXCLUSIVE ALIZAR E CONTRAMARCO. FORNECIMENTO E INSTALAÇÃO. AF_12/2019 | E58: m² | F58: 7.55 | G58: 233.63 | H58: 300.96 | I58: 2272.24 | J58: 0.00456135
A59: 8.8 | B59: 94569 | C59: SINAPI | D59: JANELA DE ALUMÍNIO TIPO MAXIM-AR, COM VIDROS, BATENTE E FERRAGENS. EXCLUSIVE ALIZAR, ACABAMENTO E CONTRAMARCO. FORNECIMENTO E INSTALAÇÃO. AF_12/2019 | E59: m² | F59: 1.44 | G59: 461.33 | H59: 594.28 | I59: 855.76 | J59: 0.0017178735
A60: 8.9 | B60: 100669 | C60: SINAPI | D60: JANELA DE MADEIRA (PINUS/EUCALIPTO OU EQUIV.) TIPO BASCULANTE COM 2 FOLHAS PARA VIDRO, COM BATENTE, ALIZAR E FERRAGENS. EXCLUSIVE VIDROS, ACABAMENTO E CONTRAMARCO. FORNECIMENTO E INSTALAÇÃO. AF_12/2019 | E60: m² | F60: 13.95 | G60: 729.87 | H60: 940.21 | I60: 13115.92 | J60: 0.026329218
A61: 8.10 | B61: 102152 | C61: SINAPI | D61: INSTALAÇÃO DE VIDRO LISO, E = 4 MM, EM ESQUADRIA DE MADEIRA, FIXADO COM BAGUETE. AF_01/2021 | E61: m² | F61: 13.95 | G61: 228.1 | H61: 293.83 | I61: 4098.92 | J61: 0.0082282719
A62: 9 | D62: INSTALAÇÕES HIDROSSANITÁRIAS | F62: 1 | H62: 71916.57 | I62: 71916.57 | J62: 0.14436708
A63: 9.1 | D63: INSTALAÇÕES DE ÁGUA | F63: 1 | H63: 7504.68 | I63: 7504.68 | J63: 0.015065078
A64: 9.1.1 | B64: 89402 | C64: SINAPI | D64: TUBO, PVC, SOLDÁVEL, DE 25MM, INSTALADO EM RAMAL DE DISTRIBUIÇÃO DE ÁGUA - FORNECIMENTO E INSTALAÇÃO. AF_06/2022 | E64: M | F64: 24 | G64: 11.77 | H64: 15.16 | I64: 363.84 | J64: 0.00073038129
A65: 9.1.2 | B65: 86883 | C65: SINAPI | D65: SIFÃO DO TIPO FLEXÍVEL EM PVC 1 X 1.1/2 - FORNECIMENTO E INSTALAÇÃO. AF_01/2020 | E65: UN | F65: 5 | G65: 12.54 | H65: 16.15 | I65: 80.75 | J65: 0.00016209952
A66: 9.1.3 | B66: 94672 | C66: SINAPI | D66: JOELHO 90 GRAUS COM BUCHA DE LATÃO, PVC, SOLDÁVEL, DN 25 MM X 3/4", INSTALADO EM RESERVAÇÃO PREDIAL DE ÁGUA - FORNECIMENTO E INSTALAÇÃO. AF_04/2024 | E66: UN | F66: 14 | G66: 5.72 | H66: 7.36 | I66: 103.04 | J66: 0.00020684501
A67: 9.1.4 | B67: 89408 | C67: SINAPI | D67: JOELHO 90 GRAUS, PVC, SOLDÁVEL, DN 25MM, INSTALADO EM RAMAL DE DISTRIBUIÇÃO DE ÁGUA - FORNECIMENTO E INSTALAÇÃO. AF_06/2022 | E67: UN | F67: 13 | G67: 8.07 | H67: 10.39 | I67: 135.07 | J67: 0.00027114281
A68: 9.1.5 | B68: 89497 | C68: SINAPI | D68: JOELHO 90 GRAUS, PVC, SOLDÁVEL, DN 40MM, INSTALADO EM PRUMADA DE ÁGUA - FORNECIMENTO E INSTALAÇÃO. AF_06/2022 | E68: UN | F68: 4 | G68: 12.79 | H68: 16.47 | I68: 65.88 | J68: 0.00013224912
A69: 9.1.6 | B69: 103978 | C69: SINAPI | D69: TUBO, PVC, SOLDÁVEL, DE 40MM, INSTALADO EM RAMAL DE DISTRIBUIÇÃO DE ÁGUA - FORNECIMENTO E INSTALAÇÃO. AF_06/2022 | E69: M | F69: 12 | G69: 25.53 | H69: 32.88 | I69: 394.56 | J69: 0.00079204936
A70: 9.1.7 | B70: 89403 | C70: SINAPI | D70: TUBO, PVC, SOLDÁVEL, DE 32MM, INSTALADO EM RAMAL DE DISTRIBUIÇÃO DE ÁGUA - FORNECIMENTO E INSTALAÇÃO. AF_06/2022 | E70: M | F70: 42 | G70: 18.41 | H70: 23.71 | I70: 995.82 | J70: 0.0019990333
A71: 9.1.8 | B71: 89413 | C71: SINAPI | D71: JOELHO 90 GRAUS, PVC, SOLDÁVEL, DN 32MM, INSTALADO EM RAMAL DE DISTRIBUIÇÃO DE ÁGUA - FORNECIMENTO E INSTALAÇÃO. AF_06/2022 | E71: UN | F71: 11 | G71: 11.42 | H71: 14.71 | I71: 161.81 | J71: 0.00032482134
A72: 9.1.9 | B72: 103993 | C72: SINAPI | D72: BUCHA DE REDUÇÃO, PVC, SOLDÁVEL, DN 40MM X 32MM, INSTALADO EM RAMAL DE DISTRIBUIÇÃO DE ÁGUA - FORNECIMENTO E INSTALAÇÃO. AF_06/2022 | E72: UN | F72: 4 | G72: 9.31 | H72: 11.99 | I72: 47.96 | J72: 9.6276073e-05
A73: 9.1.10 | B73: 103957 | C73: SINAPI | D73: BUCHA DE REDUÇÃO, CURTA, PVC, SOLDÁVEL, DN 32 X 25 MM, INSTALADO EM PRUMADA DE ÁGUA - FORNECIMENTO E INSTALAÇÃO. AF_06/2022 | E73: UN | F73: 9 | G73: 4.68 | H73: 6.02 | I73: 54.18 | J73: 0.00010876225
A74: 9.1.11 | B74: 94792 | C74: SINAPI | D74: REGISTRO DE GAVETA BRUTO, LATÃO, ROSCÁVEL, 1", COM ACABAMENTO E CANOPLA CROMADOS - FORNECIMENTO E INSTALAÇÃO. AF_08/2021 | E74: UN | F74: 10 | G74: 90.22 | H74: 116.22 | I74: 1162.2 | J74: 0.0023330286
A75: 9.1.12 | B75: 191517 | C75: SEDOP | D75: Torneira de metal cromada de 1/2" ou 3/4" p/ lavatório | E75: un | F75: 1 | G75: 95.21 | H75: 122.64 | I75: 122.64 | J75: 0.00024619053
... A83: 9.1.20 | B83: 102609 | C83: SINAPI | D83: CAIXA D´ÁGUA EM POLIETILENO, 2000 LITROS - FORNECIMENTO E INSTALAÇÃO. AF_06/2021 | E83: UN | F83: 1 | G83: 1288.54 | H83: 1659.89 | I83: 1659.89 | J83: 0.0033321037
A84: 9.2 | D84: INSTALAÇÕES ESGOTO | F84: 1 | H84: 53749.43 | I84: 53749.43 | J84: 0.10789792
A85: 9.2.1 | B85: 89711 | C85: SINAPI | D85: TUBO PVC, SERIE NORMAL, ESGOTO PREDIAL, DN 40 MM, FORNECIDO E INSTALADO EM RAMAL DE DESCARGA OU RAMAL DE ESGOTO SANITÁRIO. AF_08/2022 | E85: M | F85: 18 | G85: 21 | H85: 27.05 | I85: 486.9 | J85: 0.00097741493
A86: 9.2.2 | B86: 89798 | C86: SINAPI | D86: TUBO PVC, SERIE NORMAL, ESGOTO PREDIAL, DN 50 MM, FORNECIDO E INSTALADO EM PRUMADA DE ESGOTO SANITÁRIO OU VENTILAÇÃO. AF_08/2022 | E86: M | F86: 24 | G86: 14.68 | H86: 18.91 | I86: 453.84 | J86: 0.00091104948
A87: 9.2.3 | B87: 89714 | C87: SINAPI | D87: TUBO PVC, SERIE NORMAL, ESGOTO PREDIAL, DN 100 MM, FORNECIDO E INSTALADO EM RAMAL DE DESCARGA OU RAMAL DE ESGOTO SANITÁRIO. AF_08/2022 | E87: M | F87: 36 | G87: 37.85 | H87: 48.75 | I87: 1755 | J87: 0.0035230298
A88: 9.2.4 | B88: 89724 | C88: SINAPI | D88: JOELHO 90 GRAUS, PVC, SERIE NORMAL, ESGOTO PREDIAL, DN 40 MM, JUNTA SOLDÁVEL, FORNECIDO E INSTALADO EM RAMAL DE DESCARGA OU RAMAL DE ESGOTO SANITÁRIO. AF_08/2022 | E88: UN | F88: 10 | G88: 9.98 | H88: 12.85 | I88: 128.5 | J88: 0.00025795403
A89: 9.2.5 | B89: 89726 | C89: SINAPI | D89: JOELHO 45 GRAUS, PVC, SERIE NORMAL, ESGOTO PREDIAL, DN 40 MM, JUNTA SOLDÁVEL, FORNECIDO E INSTALADO EM RAMAL DE DESCARGA OU RAMAL DE ESGOTO SANITÁRIO. AF_08/2022 | E89: UN | F89: 5 | G89: 10.24 | H89: 13.19 | I89: 65.95 | J89: 0.00013238964
A90: 9.2.6 | B90: 89801 | C90: SINAPI | D90: JOELHO 90 GRAUS, PVC, SERIE NORMAL, ESGOTO PREDIAL, DN 50 MM, JUNTA ELÁSTICA, FORNECIDO E INSTALADO EM PRUMADA DE ESGOTO SANITÁRIO OU VENTILAÇÃO. AF_08/2022 | E90: UN | F90: 1 | G90: 11.62 | H90: 14.96 | I90: 14.96 | J90: 3.0031069e-05
A91: 9.2.7 | B91: 89732 | C91: SINAPI | D91: JOELHO 45 GRAUS, PVC, SERIE NORMAL, ESGOTO PREDIAL, DN 50 MM, JUNTA ELÁSTICA, FORNECIDO E INSTALADO EM RAMAL DE DESCARGA OU RAMAL DE ESGOTO SANITÁRIO. AF_08/2022 | E91: UN | F91: 2 | G91: 17.12 | H91: 22.05 | I91: 44.1 | J91: 8.8527415e-05
A92: 9.2.8 | B92: 89744 | C92: SINAPI | D92: JOELHO 90 GRAUS, PVC, SERIE NORMAL, ESGOTO PREDIAL, DN 100 MM, JUNTA ELÁSTICA, FORNECIDO E INSTALADO EM RAMAL DE DESCARGA OU RAMAL DE ESGOTO SANITÁRIO. AF_08/2022 | E92: UN | F92: 4 | G92: 30.53 | H92: 39.32 | I92: 157.28 | J92: 0.00031572771
A93: 9.2.9 | B93: 89796 | C93: SINAPI | D93: TE, PVC, SERIE NORMAL, ESGOTO PREDIAL, DN 100 X 100 MM, JUNTA ELÁSTICA, FORNECIDO E INSTALADO EM RAMAL DE DESCARGA OU RAMAL DE ESGOTO SANITÁRIO. AF_08/2022 | E93: UN | F93: 1 | G93: 48.34 | H93: 62.27 | I93: 62.27 | J93: 0.00012500232
A94: 9.2.10 | B94: 89785 | C94: SINAPI | D94: JUNÇÃO SIMPLES, PVC, SERIE NORMAL, ESGOTO PREDIAL, DN 50 X 50 MM, JUNTA ELÁSTICA, FORNECIDO E INSTALADO EM RAMAL DE DESCARGA OU RAMAL DE ESGOTO SANITÁRIO. AF_08/2022 | E94: UN | F94: 6 | G94: 29.35 | H94: 37.8 | I94: 226.8 | J94: 0.00045528385
A95: 9.2.11 | B95: 89797 | C95: SINAPI | D95: JUNÇÃO SIMPLES, PVC, SERIE NORMAL, ESGOTO PREDIAL, DN 100 X 100 MM, JUNTA ELÁSTICA, FORNECIDO E INSTALADO EM RAMAL DE DESCARGA OU RAMAL DE ESGOTO SANITÁRIO. AF_08/2022 | E95: UN | F95: 1 | G95: 57.38 | H95: 73.91 | I95: 73.91 | J95: 0.00014836874
A96: 9.2.12 | B96: 180249 | C96: SEDOP | D96: Junção simples PVC JS - 100 x 50mm - LS | E96: un | F96: 3 | G96: 46.38 | H96: 59.74 | I96: 179.22 | J96: 0.0003597706
... A102: 9.2.18 | B102: 98081 | C102: SINAPI | D102: SUMIDOURO RETANGULAR, EM ALVENARIA COM TIJOLOS CERÂMICOS MACIÇOS, DIMENSÕES INTERNAS: 1,6 X 5,8 X H=3,0 M, ÁREA DE INFILTRAÇÃO: 50 M² (PARA 20 CONTRIBUINTES). AF_12/2020 | E102: UN | F102: 1 | G102: 15766.73 | H102: 20310.7 | I102: 20310.7 | J102: 0.040772194
A103: 9.3 | D103: LOUÇAS, METAL E ACESSÓRIOS | F103: 1 | H103: 10662.46 | I103: 10662.46 | J103: 0.021404082
A104: 9.3.1 | B104: 190303 | C104: SEDOP | D104: Bacia sifonada - PCD | E104: un | F104: 1 | G104: 1448.21 | H104: 1865.58 | I104: 1865.58 | J104: 0.0037450108
A105: 9.3.2 | B105: 190609 | C105: SEDOP | D105: Bacia sifonada c/cx. descarga acoplada c/ assento | E105: un | F105: 2 | G105: 622.69 | H105: 802.14 | I105: 1604.28 | J105: 0.0032204708
A106: 9.3.3 | B106: 190304 | C106: SEDOP | D106: Lavatório de louça s/ coluna (incl. torn.sifão e válvula )-PCD | E106: un | F106: 1 | G106: 1285.36 | H106: 1655.8 | I106: 1655.8 | J106: 0.0033238933
A107: 9.3.4 | B107: 86937 | C107: SINAPI | D107: CUBA DE EMBUTIR OVAL EM LOUÇA BRANCA, 35 X 50CM OU EQUIVALENTE, INCLUSO VÁLVULA EM METAL CROMADO E SIFÃO FLEXÍVEL EM PVC - FORNECIMENTO E INSTALAÇÃO. AF_01/2020 | E107: UN | F107: 3 | G107: 219.35 | H107: 282.56 | I107: 847.68 | J107: 0.0017016535
A108: 9.3.5 | B108: 190238 | C108: SEDOP | D108: Pia 01 cuba em aço inox c/torn.,sifao e valv.(1,50m) | E108: un | F108: 1 | G108: 881.36 | H108: 1135.36 | I108: 1135.36 | J108: 0.0022791493
A109: 9.3.6 | B109: 190376 | C109: SEDOP | D109: Tanque inox c/ torneira, sifao e valvula | E109: un | F109: 1 | G109: 744.6 | H109: 959.19 | I109: 959.19 | J109: 0.0019255014
A110: 9.3.7 | B110: 95546 | C110: SINAPI | D110: KIT DE ACESSORIOS PARA BANHEIRO EM METAL CROMADO, 5 PECAS, INCLUSO FIXAÇÃO. AF_01/2020 | E110: UN | F110: 4 | G110: 222.14 | H110: 286.16 | I110: 1144.64 | J110: 0.0022977782
A111: 9.3.8 | B111: 100863 | C111: SINAPI | D111: BARRA DE APOIO EM "L", EM ACO INOX POLIDO 70 X 70 CM, FIXADA NA PAREDE - FORNECIMENTO E INSTALACAO. AF_01/2020 | E111: UN | F111: 1 | G111: 632.9 | H111: 815.3 | I111: 815.3 | J111: 0.0016366531
A112: 9.3.9 | B112: 100871 | C112: SINAPI | D112: BARRA DE APOIO RETA, EM ALUMINIO, COMPRIMENTO 70 CM, FIXADA NA PAREDE - FORNECIMENTO E INSTALAÇÃO. AF_01/2020 | E112: UN | F112: 1 | G112: 319.03 | H112: 410.97 | I112: 410.97 | J112: 0.0008249912
A113: 9.3.10 | B113: 110653 | C113: SEDOP | D113: Granito e=2cm | E113: m² | F113: 0.2 | G113: 868.12 | H113: 1118.31 | I113: 223.66 | J113: 0.00044898054
A114: 10 | D114: INSTALAÇÕES ELÉTRICAS | F114: 1 | H114: 39150.43 | I114: 39150.43 | J114: 0.078591528
A115: 10.1 | B115: 91940 | C115: SINAPI | D115: CAIXA RETANGULAR 4" X 2" MÉDIA (1,30 M DO PISO), PVC, INSTALADA EM PAREDE - FORNECIMENTO E INSTALAÇÃO. AF_03/2023 | E115: UN | F115: 65 | G115: 17.22 | H115: 22.18 | I115: 1441.7 | J115: 0.0028941037
A116: 10.2 | B116: 91937 | C116: SINAPI | D116: CAIXA OCTOGONAL 3" X 3", PVC, INSTALADA EM LAJE - FORNECIMENTO E INSTALAÇÃO. AF_03/2023 | E116: UN | F116: 41 | G116: 15.28 | H116: 19.68 | I116: 806.88 | J116: 0.0016197506
A117: 10.3 | B117: 101561 | C117: SINAPI | D117: CABO DE COBRE FLEXÍVEL ISOLADO, 16 MM², 0,6/1,0 KV, PARA REDE AÉREA DE DISTRIBUIÇÃO DE ENERGIA ELÉTRICA DE BAIXA TENSÃO - FORNECIMENTO E INSTALAÇÃO. AF_07/2020 | E117: M | F117: 354.5 | G117: 18.51 | H117: 23.84 | I117: 8451.28 | J117: 0.016965306
...

Sheet CPUs
A3: PREFEITURA MUNICIPAL DE NOVO REPARTIMENTO
A4: SECRETARIA MUNICIPAL DE GESTÃO E PLANEJAMENTO
A5: DEPARTAMENTO DE ENGENHARIA
A9: Município | C9: Composições Analíticas com Preço Unitário | E9: Bancos | G9: B.D.I. | I9: Encargos Sociais
A10: NOVO REPARTIMENTO-PA | C10: CONSTRUÇÃO DA FÁBRICA E ESCOLA DE CHOCOLATE | E10: SINAPI - 10/2024 - Pará SBC - 11/2024 - Pará SEDOP - 10/2024 - Pará | G10: 28,82% | I10: Desonerado: Horista: 88,37% Mensalista: 48,18%
A11: Composições Analíticas com Preço Unitário
A12: Composições Principais
A13: 1.1 | B13: Código | C13: Banco | D13: Descrição | E13: Tipo | G13: Und | H13: Quant. | I13: Valor Unit | J13: Total
A14: Composição | B14: 011340 | C14: SEDOP | D14: Placa de obra em lona com plotagem de gráfica | G14: m² | H14: 1 | I14: 197.14 | J14: 197.14
A15: Composição Auxiliar | B15: 280026 | C15: SEDOP | D15: SERVENTE COM ENCARGOS COMPLEMENTARES | G15: h | H15: 0.4 | I15: 20.54 | J15: 8.21
A16: Composição Auxiliar | B16: 280013 | C16: SEDOP | D16: CARPINTEIRO COM ENCARGOS COMPLEMENTARES | G16: h | H16: 0.4 | I16: 25.27 | J16: 10.1
A17: Insumo | B17: D00084 | C17: SEDOP | D17: Prego 1 1/2"x13 | E17: Material | G17: kg | H17: 0.1 | I17: 17.15 | J17: 1.71
A18: Insumo | B18: D00281 | C18: SEDOP | D18: Pernamanca 3" x 2" 4 m - madeira branca | E18: Material | G18: Dz | H18: 0.41 | I18: 212.5 | J18: 87.12
A19: Insumo | B19: D00475 | C19: SEDOP | D19: Lona com plotagem de gráfica | E19: Material | G19: m² | H19: 1 | I19: 90 | J19: 90
E20: MO sem LS => | F20: 6.42 | G20: LS => | H20: 5.68 | I20: MO com LS => | J20: 12.1
E21: Valor do BDI => | F21: 56.81 | H21: Valor com BDI => | J21: 253.95
A23: 2.1.1 | B23: Código | C23: Banco | D23: Descrição | E23: Tipo | G23: Und | H23: Quant. | I23: Valor Unit | J23: Total
A24: Composição | B24: 93358 | C24: SINAPI | D24: ESCAVAÇÃO MANUAL DE VALA. AF_09/2024 | E24: MOVT - MOVIMENTO DE TERRA | G24: m³ | H24: 1 | I24: 81.37 | J24: 81.37
A25: Composição Auxiliar | B25: 88316 | C25: SINAPI | D25: SERVENTE COM ENCARGOS COMPLEMENTARES | E25: SEDI - SERVIÇOS DIVERSOS | G25: H | H25: 3.9557667 | I25: 20.57 | J25: 81.37
E26: MO sem LS => | F26: 26.83 | G26: LS => | H26: 23.72 | I26: MO com LS => | J26: 50.55
E27: Valor do BDI => | F27: 23.45 | H27: Valor com BDI => | J27: 104.82
A29: 2.1.2 | B29: Código | C29: Banco | D29: Descrição | E29: Tipo | G29: Und | H29: Quant. | I29: Valor Unit | J29: Total
A30: Composição | B30: 96544 | C30: SINAPI | D30: ARMAÇÃO DE BLOCO UTILIZANDO AÇO CA-50 DE 6,3 MM - MONTAGEM. AF_01/2024 | E30: FUES - FUNDAÇÕES E ESTRUTURAS | G30: KG | H30: 1 | I30: 18.51 | J30: 18.51
A31: Composição Auxiliar | B31: 88238 | C31: SINAPI | D31: AJUDANTE DE ARMADOR COM ENCARGOS COMPLEMENTARES | E31: SEDI - SERVIÇOS DIVERSOS | G31: H | H31: 0.075 | I31: 21.02 | J31: 1.57
A32: Composição Auxiliar | B32: 88245 | C32: SINAPI | D32: ARMADOR COM ENCARGOS COMPLEMENTARES | E32: SEDI - SERVIÇOS DIVERSOS | G32: H | H32: 0.196 | I32: 25.37 | J32: 4.97
A33: Composição Auxiliar | B33: 92801 | C33: SINAPI | D33: CORTE E DOBRA DE AÇO CA-50, DIÂMETRO DE 6,3 MM. AF_06/2022 | E33: FUES - FUNDAÇÕES E ESTRUTURAS | G33: KG | H33: 1 | I33: 11.15 | J33: 11.15
A34: Insumo | B34: 00039017 | C34: SINAPI | D34: ESPACADOR / DISTANCIADOR CIRCULAR COM ENTRADA LATERAL, EM PLASTICO, PARA VERGALHAO *4,2 A 12,5* MM, COBRIMENTO 20 MM | E34: Material | G34: UN | H34: 0.856 | I34: 0.22 | J34: 0.18
A35: Insumo | B35: 00043132 | C35: SINAPI | D35: ARAME RECOZIDO 16 BWG, D = 1,65 MM (0,016 KG/M) OU 18 BWG, D = 1,25 MM (0,01 KG/M) | E35: Material | G35: KG | H35: 0.025 | I35: 25.85 | J35: 0.64
E36: MO sem LS => | F36: 2.65 | G36: LS => | H36: 2.35 | I36: MO com LS => | J36: 5
E37: Valor do BDI => | F37: 5.33 | H37: Valor com BDI => | J37: 23.84
A39: 2.1.3 | B39: Código | C39: Banco | D39: Descrição | E39: Tipo | G39: Und | H39: Quant. | I39: Valor Unit | J39: Total
A40: Composição | B40: 96545 | C40: SINAPI | D40: ARMAÇÃO DE BLOCO UTILIZANDO AÇO CA-50 DE 8 MM - MONTAGEM. AF_01/2024 | E40: FUES - FUNDAÇÕES E ESTRUTURAS | G40: KG | H40: 1 | I40: 16.93 | J40: 16.93
A41: Composição Auxiliar | B41: 88245 | C41: SINAPI | D41: ARMADOR COM ENCARGOS COMPLEMENTARES | E41: SEDI - SERVIÇOS DIVERSOS | G41: H | H41: 0.15 | I41: 25.37 | J41: 3.8
A42: Composição Auxiliar | B42: 92802 | C42: SINAPI | D42: CORTE E DOBRA DE AÇO CA-50, DIÂMETRO DE 8,0 MM. AF_06/2022 | E42: FUES - FUNDAÇÕES E ESTRUTURAS | G42: KG | H42: 1 | I42: 11.17 | J42: 11.17
A43: Composição Auxiliar | B43: 88238 | C43: SINAPI | D43: AJUDANTE DE ARMADOR COM ENCARGOS COMPLEMENTARES | E43: SEDI - SERVIÇOS DIVERSOS | G43: H | H43: 0.057 | I43: 21.02 | J43: 1.19
A44: Insumo | B44: 00043132 | C44: SINAPI | D44: ARAME RECOZIDO 16 BWG, D = 1,65 MM (0,016 KG/M) OU 18 BWG, D = 1,25 MM (0,01 KG/M) | E44: Material | G44: KG | H44: 0.025 | I44: 25.85 | J44: 0.64
A45: Insumo | B45: 00039017 | C45: SINAPI | D45: ESPACADOR / DISTANCIADOR CIRCULAR COM ENTRADA LATERAL, EM PLASTICO, PARA VERGALHAO *4,2 A 12,5* MM, COBRIMENTO 20 MM | E45: Material | G45: UN | H45: 0.635 | I45: 0.22 | J45: 0.13
E46: MO sem LS => | F46: 1.94 | G46: LS => | H46: 1.72 | I46: MO com LS => | J46: 3.66
E47: Valor do BDI => | F47: 4.87 | H47: Valor com BDI => | J47: 21.8
A49: 2.1.4 | B49: Código | C49: Banco | D49: Descrição | E49: Tipo | G49: Und | H49: Quant. | I49: Valor Unit | J49: Total
A50: Composição | B50: 96546 | C50: SINAPI | D50: ARMAÇÃO DE BLOCO UTILIZANDO AÇO CA-50 DE 10 MM - MONTAGEM. AF_01/2024 | E50: FUES - FUNDAÇÕES E ESTRUTURAS | G50: KG | H50: 1 | I50: 14.94 | J50: 14.94
A51: Composição Auxiliar | B51: 92803 | C51: SINAPI | D51: CORTE E DOBRA DE AÇO CA-50, DIÂMETRO DE 10,0 MM. AF_06/2022 | E51: FUES - FUNDAÇÕES E ESTRUTURAS | G51: KG | H51: 1 | I51: 10.34 | J51: 10.34
A52: Composição Auxiliar | B52: 88245 | C52: SINAPI | D52: ARMADOR COM ENCARGOS COMPLEMENTARES | E52: SEDI - SERVIÇOS DIVERSOS | G52: H | H52: 0.116 | I52: 25.37 | J52: 2.94
A53: Composição Auxiliar | B53: 88238 | C53: SINAPI | D53: AJUDANTE DE ARMADOR COM ENCARGOS COMPLEMENTARES | E53: SEDI - SERVIÇOS DIVERSOS | G53: H | H53: 0.044 | I53: 21.02 | J53: 0.92
A54: Insumo | B54: 00043132 | C54: SINAPI | D54: ARAME RECOZIDO 16 BWG, D = 1,65 MM (0,016 KG/M) OU 18 BWG, D = 1,25 MM (0,01 KG/M) | E54: Material | G54: KG | H54: 0.025 | I54: 25.85 | J54: 0.64
A55: Insumo | B55: 00039017 | C55: SINAPI | D55: ESPACADOR / DISTANCIADOR CIRCULAR COM ENTRADA LATERAL, EM PLASTICO, PARA VERGALHAO *4,2 A 12,5* MM, COBRIMENTO 20 MM | E55: Material | G55: UN | H55: 0.48 | I55: 0.22 | J55: 0.1
E56: MO sem LS => | F56: 1.45 | G56: LS => | H56: 1.3 | I56: MO com LS => | J56: 2.75
E57: Valor do BDI => | F57: 4.3 | H57: Valor com BDI => | J57: 19.24
A59: 2.1.5 | B59: Código | C59: Banco | D59: Descrição | E59: Tipo | G59: Und | H59: Quant. | I59: Valor Unit | J59: Total
A60: Composição | B60: 96543 | C60: SINAPI | D60: ARMAÇÃO DE BLOCO UTILIZANDO AÇO CA-60 DE 5 MM - MONTAGEM. AF_01/2024 | E60: FUES - FUNDAÇÕES E ESTRUTURAS | G60: KG | H60: 1 | I60: 20.18 | J60: 20.18
A61: Composição Auxiliar | B61: 92800 | C61: SINAPI | D61: CORTE E DOBRA DE AÇO CA-60, DIÂMETRO DE 5,0 MM. AF_06/2022 | E61: FUES - FUNDAÇÕES E ESTRUTURAS | G61: KG | H61: 1 | I61: 10.87 | J61: 10.87
A62: Composição Auxiliar | B62: 88238 | C62: SINAPI | D62: AJUDANTE DE ARMADOR COM ENCARGOS COMPLEMENTARES | E62: SEDI - SERVIÇOS DIVERSOS | G62: H | H62: 0.097 | I62: 21.02 | J62: 2.03
A63: Composição Auxiliar | B63: 88245 | C63: SINAPI | D63: ARMADOR COM ENCARGOS COMPLEMENTARES | E63: SEDI - SERVIÇOS DIVERSOS | G63: H | H63: 0.252 | I63: 25.37 | J63: 6.39
A64: Insumo | B64: 00039017 | C64: SINAPI | D64: ESPACADOR / DISTANCIADOR CIRCULAR COM ENTRADA LATERAL, EM PLASTICO, PARA VERGALHAO *4,2 A 12,5* MM, COBRIMENTO 20 MM | E64: Material | G64: UN | H64: 1.143 | I64: 0.22 | J64: 0.25
A65: Insumo | B65: 00043132 | C65: SINAPI | D65: ARAME RECOZIDO 16 BWG, D = 1,65 MM (0,016 KG/M) OU 18 BWG, D = 1,25 MM (0,01 KG/M) | E65: Material | G65: KG | H65: 0.025 | I65: 25.85 | J65: 0.64
E66: MO sem LS => | F66: 3.6 | G66: LS => | H66: 3.19 | I66: MO com LS => | J66: 6.79
E67: Valor do BDI => | F67: 5.81 | H67: Valor com BDI => | J67: 25.99
A69: 2.1.6 | B69: Código | C69: Banco | D69: Descrição | E69: Tipo | G69: Und | H69: Quant. | I69: Valor Unit | J69: Total
A70: Composição | B70: 102482 | C70: SINAPI | D70: CONCRETO FCK = 25MPA, TRAÇO 1:2,2:2,5 (EM MASSA SECA DE CIMENTO/ AREIA MÉDIA/ SEIXO ROLADO) - PREPARO MECÂNICO COM BETONEIRA 600 L. AF_05/2021 | E70: FUES - FUNDAÇÕES E ESTRUTURAS | G70: m³ | H70: 1 | I70: 723.74 | J70: 723.74
A71: Composição Auxiliar | B71: 89225 | C71: SINAPI | D71: BETONEIRA CAPACIDADE NOMINAL DE 600 L, CAPACIDADE DE MISTURA 360 L, MOTOR ELÉTRICO TRIFÁSICO POTÊNCIA DE 4 CV, SEM CARREGADOR - CHP DIURNO. AF_05/2023 | E71: CHOR - CUSTOS HORÁRIOS DE MÁQUINAS E EQUIPAMENTOS | G71: CHP | H71: 0.6472 | I71: 6.49 | J71: 4.2
A72: Composição Auxiliar | B72: 88316 | C72: SINAPI | D72: SERVENTE COM ENCARGOS COMPLEMENTARES | E72: SEDI - SERVIÇOS DIVERSOS | G72: H | H72: 1.995 | I72: 20.57 | J72: 41.03
A73: Composição Auxiliar | B73: 88377 | C73: SINAPI | D73: OPERADOR DE BETONEIRA ESTACIONÁRIA/MISTURADOR COM ENCARGOS COMPLEMENTARES | E73: SEDI - SERVIÇOS DIVERSOS | G73: H | H73: 1.2574 | I73: 21.43 | J73: 26.94
A74: Composição Auxiliar | B74: 89226 | C74: SINAPI | D74: BETONEIRA CAPACIDADE NOMINAL DE 600 L, CAPACIDADE DE MISTURA 360 L, MOTOR ELÉTRICO TRIFÁSICO POTÊNCIA DE 4 CV, SEM CARREGADOR - CHI DIURNO. AF_05/2023 | E74: CHOR - CUSTOS HORÁRIOS DE MÁQUINAS E EQUIPAMENTOS | G74: CHI | H74: 0.6102 | I74: 1.92 | J74: 1.17
A75: Insumo | B75: 00004734 | C75: SINAPI | D75: SEIXO ROLADO PARA APLICACAO EM CONCRETO (POSTO PEDREIRA/FORNECEDOR, SEM FRETE) | E75: Material | G75: M³ | H75: 0.593 | I75: 170.37 | J75: 101.02
A76: Insumo | B76: 00000370 | C76: SINAPI | D76: AREIA MEDIA - POSTO JAZIDA/FORNECEDOR (RETIRADO NA JAZIDA, SEM TRANSPORTE) | E76: Material | G76: M³ | H76: 0.7327 | I76: 110 | J76: 80.59
A77: Insumo | B77: 00001379 | C77: SINAPI | D77: CIMENTO PORTLAND COMPOSTO CP II-32 | E77: Material | G77: KG | H77: 384.2609 | I77: 1.22 | J77: 468.79
E78: MO sem LS => | F78: 23.34 | G78: LS => | H78: 20.64 | I78: MO com LS => | J78: 43.98
E79: Valor do BDI => | F79: 208.58 | H79: Valor com BDI => | J79: 932.32
A81: 2.1.7 | B81: Código | C81: Banco | D81: Descrição | E81: Tipo | G81: Und | H81: Quant. | I81: Valor Unit | J81: Total
A82: Composição | B82: 050035 | C82: SEDOP | D82: Formas para concreto em chapa de madeira compensada resinada e=15mm(REAP 2x) - incl. desforma | G82: m² | H82: 1 | I82: 93.74 | J82: 93.74
A83: Composição Auxiliar | B83: 280002 | C83: SEDOP | D83: AJUDANTE DE CARPINTEIRO COM ENCARGOS COMPLEMENTARES | G83: h | H83: 1.09 | I83: 20.44 | J83: 22.27
A84: Composição Auxiliar | B84: 280013 | C84: SEDOP | D84: CARPINTEIRO COM ENCARGOS COMPLEMENTARES | G84: h | H84: 0.76 | I84: 25.27 | J84: 19.2
A85: Insumo | B85: D00281 | C85: SEDOP | D85: Pernamanca 3" x 2" 4 m - madeira branca | E85: Material | G85: Dz | H85: 0.04 | I85: 212.5 | J85: 8.5
A86: Insumo | B86: D00021 | C86: SEDOP | D86: Régua 3"x7/8" 4 m apar. | E86: Material | G86: Dz | H86: 0.06 | I86: 217.01 | J86: 13.02
A87: Insumo | B87: D00016 | C87: SEDOP | D87: Tábua de madeira branca 4m | E87: Material | G87: Dz | H87: 0.01 | I87: 96 | J87: 0.96
A88: Insumo | B88: D00086 | C88: SEDOP | D88: Prego 2 1/2"x12 | E88: Material | G88: kg | H88: 0.32 | I88: 17.27 | J88: 5.52
A89: Insumo | B89: D00030 | C89: SEDOP | D89: Chapa de madeira compensada resinada e=15mm | E89: Material | G89: m² | H89: 0.42 | I89: 57.34 | J89: 24.08
A90: Insumo | B90: D00427 | C90: SEDOP | D90: Desmoldante | E90: Material | G90: L | H90: 0.02 | I90: 9.61 | J90: 0.19
E91: MO sem LS => | F91: 14.39 | G91: LS => | H91: 12.72 | I91: MO com LS => | J91: 27.11
E92: Valor do BDI => | F92: 27.01 | H92: Valor com BDI => | J92: 120.75
A94: 2.1.8 | B94: Código | C94: Banco | D94: Descrição | E94: Tipo | G94: Und | H94: Quant. | I94: Valor Unit | J94: Total
A95: Composição | B95: 030254 | C95: SEDOP | D95: Reaterro compactado | G95: m³ | H95: 1 | I95: 16.55 | J95: 16.55
A96: Composição Auxiliar | B96: 280026 | C96: SEDOP | D96: SERVENTE COM ENCARGOS COMPLEMENTARES | G96: h | H96: 0.75 | I96: 20.54 | J96: 15.4
A97: Insumo | B97: M00006 | C97: SEDOP | D97: Compactador de solo CM-13 | E97: Equipamento | G97: h | H97: 0.3 | I97: 3.86 | J97: 1.15
E98: MO sem LS => | F98: 5.07 | G98: LS => | H98: 4.49 | I98: MO com LS => | J98: 9.56
E99: Valor do BDI => | F99: 4.76 | H99: Valor com BDI => | J99: 21.31
A101: 2.2.1 | B101: Código | C101: Banco | D101: Descrição | E101: Tipo | G101: Und | H101: Quant. | I101: Valor Unit | J101: Total
A102: Composição | B102: 92761 | C102: SINAPI | D102: ARMAÇÃO DE PILAR OU VIGA DE ESTRUTURA CONVENCIONAL DE CONCRETO ARMADO UTILIZANDO AÇO CA-50 DE 8,0 MM - MONTAGEM. AF_06/2022 | E102: FUES - FUNDAÇÕES E ESTRUTURAS | G102: KG | H102: 1 | I102: 13.58 | J102: 13.58
A103: Composição Auxiliar | B103: 92802 | C103: SINAPI | D103: CORTE E DOBRA DE AÇO CA-50, DIÂMETRO DE 8,0 MM. AF_06/2022 | E103: FUES - FUNDAÇÕES E ESTRUTURAS | G103: KG | H103: 1 | I103: 11.17 | J103: 11.17
A104: Composição Auxiliar | B104: 88238 | C104: SINAPI | D104: AJUDANTE DE ARMADOR COM ENCARGOS COMPLEMENTARES | E104: SEDI - SERVIÇOS DIVERSOS | G104: H | H104: 0.0092 | I104: 21.02 | J104: 0.19
A105: Composição Auxiliar | B105: 88245 | C105: SINAPI | D105: ARMADOR COM ENCARGOS COMPLEMENTARES | E105: SEDI - SERVIÇOS DIVERSOS | G105: H | H105: 0.0561 | I105: 25.37 | J105: 1.42
A106: Insumo | B106: 00039017 | C106: SINAPI | D106: ESPACADOR / DISTANCIADOR CIRCULAR COM ENTRADA LATERAL, EM PLASTICO, PARA VERGALHAO *4,2 A 12,5* MM, COBRIMENTO 20 MM | E106: Material | G106: UN | H106: 0.743 | I106: 0.22 | J106: 0.16
A107: Insumo | B107: 00043132 | C107: SINAPI | D107: ARAME RECOZIDO 16 BWG, D = 1,65 MM (0,016 KG/M) OU 18 BWG, D = 1,25 MM (0,01 KG/M) | E107: Material | G107: KG | H107: 0.025 | I107: 25.85 | J107: 0.64
E108: MO sem LS => | F108: 0.74 | G108: LS => | H108: 0.66 | I108: MO com LS => | J108: 1.4
E109: Valor do BDI => | F109: 3.91 | H109: Valor com BDI => | J109: 17.49
A111: 2.2.2 | B111: Código | C111: Banco | D111: Descrição | E111: Tipo | G111: Und | H111: Quant. | I111: Valor Unit | J111: Total
A112: Composição | B112: 92762 | C112: SINAPI | D112: ARMAÇÃO DE PILAR OU VIGA DE ESTRUTURA CONVENCIONAL DE CONCRETO ARMADO UTILIZANDO AÇO CA-50 DE 10,0 MM - MONTAGEM. AF_06/2022 | E112: FUES - FUNDAÇÕES E ESTRUTURAS | G112: KG | H112: 1 | I112: 12.21 | J112: 12.21
A113: Composição Auxiliar | B113: 88238 | C113: SINAPI | D113: AJUDANTE DE ARMADOR COM ENCARGOS COMPLEMENTARES | E113: SEDI - SERVIÇOS DIVERSOS | G113: H | H113: 0.0064 | I113: 21.02 | J113: 0.13
A114: Composição Auxiliar | B114: 92803 | C114: SINAPI | D114: CORTE E DOBRA DE AÇO CA-50, DIÂMETRO DE 10,0 MM. AF_06/2022 | E114: FUES - FUNDAÇÕES E ESTRUTURAS | G114: KG | H114: 1 | I114: 10.34 | J114: 10.34
A115: Composição Auxiliar | B115: 88245 | C115: SINAPI | D115: ARMADOR COM ENCARGOS COMPLEMENTARES | E115: SEDI - SERVIÇOS DIVERSOS | G115: H | H115: 0.0392 | I115: 25.37 | J115: 0.99
...

Sheet MEMORIAL DE CÁLCULO
A3: PREFEITURA MUNICIPAL DE NOVO REPARTIMENTO
A4: SECRETARIA MUNICIPAL DE GESTÃO E PLANEJAMENTO
A5: DEPARTAMENTO DE ENGENHARIA
A9: Município | B9: Obra
A10: NOVO REPARTIMENTO-PA | B10: CONSTRUÇÃO DA FÁBRICA E ESCOLA DE CHOCOLATE
A11: MEMORIAL DE CÁLCULO
A12: Item | B12: Descrição | C12: Und | D12: Quant. | E12: Observações
A13: 1 | B13: SERVIÇOS INICIAIS
A14: 1.1 | B14: Placa de obra em lona com plotagem de gráfica | C14: m² | D14: 4,5 | E14: A = 1,50m x 3,00m = 4,50m²
A15: 2 | B15: ESTRUTURA
A16: 2.1 | B16: FUNDAÇÃO
A17: 2.1.1 | B17: ESCAVAÇÃO MANUAL DE VALA. AF_09/2024 | C17: m³ | D17: 20,87 | E17: V1 = 0,65m x 0,65m x 1,50m = 0,63m³ x 11 = 6,93m³ V2 = 0,65m + 0,75m * 1,50m = 0,73m³ x 3 = 2,19m³ V3 = 0,60m x 0,60m x 1,50m = 0,50m³ x 11 = 5,50m³ V4 = 0,75m x 0,90m x 1,50m = 1,01m³ x 2 = 2,02m³ V5 = 0,70m x 0,85m x 1,50m = 0,89m³ x 3 = 2,67m³ V6 = 0,65m x 0,80m x 1,50m = 0,78m³ x 2 = 1,56m³ Vt = 20,87m³
A18: 2.1.2 | B18: ARMAÇÃO DE BLOCO UTILIZANDO AÇO CA-50 DE 6,3 MM - MONTAGEM. AF_01/2024 | C18: KG | D18: 106,0 | E18: P = 11kg + 20kg + 51kg + 24kg = 106 kg
A19: 2.1.3 | B19: ARMAÇÃO DE BLOCO UTILIZANDO AÇO CA-50 DE 8 MM - MONTAGEM. AF_01/2024 | C19: KG | D19: 246,0 | E19: P = 190kg + 56kg = 246 kg
A20: 2.1.4 | B20: ARMAÇÃO DE BLOCO UTILIZANDO AÇO CA-50 DE 10 MM - MONTAGEM. AF_01/2024 | C20: KG | D20: 192,0 | E20: P = 76kg + 116kg = 192 kg
A21: 2.1.5 | B21: ARMAÇÃO DE BLOCO UTILIZANDO AÇO CA-60 DE 5 MM - MONTAGEM. AF_01/2024 | C21: KG | D21: 144,0 | E21: P = 78kg + 66kg = 144 kg
A22: 2.1.6 | B22: CONCRETO FCK = 25MPA, TRAÇO 1:2,2:2,5 (EM MASSA SECA DE CIMENTO/ AREIA MÉDIA/ SEIXO ROLADO) - PREPARO MECÂNICO COM BETONEIRA 600 L. AF_05/2021 | C22: m³ | D22: 11,28 | E22: V = 4,18m³ + 3,11m³ + 1,40m³ + 2,59m³ = 11,28m³
A23: 2.1.7 | B23: Formas para concreto em chapa de madeira compensada resinada e=15mm(REAP 2x) - incl. desforma | C23: m² | D23: 85,0 | E23: A = 91,25m² + 78,75m² = 170m² / 2 = 85,00m²
A24: 2.1.8 | B24: Reaterro compactado | C24: m³ | D24: 16,49 | E24: V = 20,87m³ - 4,38m³ = 16,49m³
A25: 2.2 | B25: SUPERESTRUTURA
A26: 2.2.1 | B26: ARMAÇÃO DE PILAR OU VIGA DE ESTRUTURA CONVENCIONAL DE CONCRETO ARMADO UTILIZANDO AÇO CA-50 DE 8,0 MM - MONTAGEM. AF_06/2022 | C26: KG | D26: 366,9 | E26: P = 150kg + 216,90kg = 366,90kg
A27: 2.2.2 | B27: ARMAÇÃO DE PILAR OU VIGA DE ESTRUTURA CONVENCIONAL DE CONCRETO ARMADO UTILIZANDO AÇO CA-50 DE 10,0 MM - MONTAGEM. AF_06/2022 | C27: KG | D27: 375,4 | E27: P = 143kg + 68kg + 80kg + 84,40kg = 375,40kg
A28: 2.2.3 | B28: ARMAÇÃO DE PILAR OU VIGA DE ESTRUTURA CONVENCIONAL DE CONCRETO ARMADO UTILIZANDO AÇO CA-60 DE 5,0 MM - MONTAGEM. AF_06/2022 | C28: KG | D28: 177,0 | E28: P = 88kg + 16kg + 37kg + 36kg = 177kg
A29: 2.2.4 | B29: Formas para concreto em chapa de madeira compensada resinada e=15mm(REAP 2x) - incl. desforma | C29: m² | D29: 251,15 | E29: A = 121m² + 22 m² + 10 m² + 98,15m² = 251,15 m²
A30: 2.2.5 | B30: CONCRETO FCK = 25MPA, TRAÇO 1:2,2:2,5 (EM MASSA SECA DE CIMENTO/ AREIA MÉDIA/ SEIXO ROLADO) - PREPARO MECÂNICO COM BETONEIRA 600 L. AF_05/2021 | C30: m³ | D30: 13,42 | E30: V = 6,35m³ + 0,48m³ + 1,09m³ + 5,50m³ = 13,42 m³
A31: 3 | B31: VEDAÇÃO
A32: 3.1 | B32: Alvenaria tijolo de barro a cutelo | C32: m² | D32: 304,31 | E32: P = 3,05m + (2,55m x 3) + 6,35m + (3,00m x 3) + 3,15m + (6,30m x 2) + (9,65m x 2) + (2,50m x 4) = 70,10m A = 70,10m x 4,28m = 304,31m²
A33: 3.2 | B33: Alvenaria tijolo de barro a singelo | C33: m² | D33: 43,74 | E33: A = 3,00m + 11,80m = 29,16m x 1,50m = 43,74 m²
A34: 4 | B34: COBERTURA
A35: 4.1 | B35: Estrutura em mad. lei p/ telha de barro - pç.aparelhada | C35: m² | D35: 296,76 | E35: A = 103,17m² + 158,05m² + 24,91m² +10,63m² = 296,76 m²
A36: 4.2 | B36: Cobertura - telha de barro paulista ou planatex | C36: m² | D36: 296,76 | E36: Idem item 5.1 = 296,76 m²
A37: 4.3 | B37: CUMEEIRA E ESPIGÃO PARA TELHA CERÂMICA EMBOÇADA COM ARGAMASSA TRAÇO 1:2:9 (CIMENTO, CAL E AREIA), PARA TELHADOS COM MAIS DE 2 ÁGUAS, INCLUSO TRANSPORTE VERTICAL. AF_07/2019 | C37: M | D37: 20,54 | E37: P = 3,20m + 17,34m = 20,54m
A38: 5 | B38: REVESTIMENTO
A39: 5.1 | B39: CHAPISCO APLICADO EM ALVENARIA (SEM PRESENÇA DE VÃOS) E ESTRUTURAS DE CONCRETO DE FACHADA, COM COLHER DE PEDREIRO. ARGAMASSA TRAÇO 1:3 COM PREPARO EM BETONEIRA 400L. AF_10/2022 | C39: m² | D39: 696,1 | E39: A = 304,31m² + 43,74m² = 348,05m² x 2 = 696,10m²
A40: 5.2 | B40: MASSA ÚNICA, EM ARGAMASSA TRAÇO 1:2:8 PREPARO MECÂNICO, APLICADA MANUALMENTE EM PAREDES INTERNAS DE AMBIENTES COM ÁREA MAIOR QUE 10M², E = 10MM, COM TALISCAS. AF_03/2024 | C40: m² | D40: 696,1 | E40: Idem o item 6,1 = 696,10m²
A41: 5.3 | B41: REVESTIMENTO CERÂMICO PARA PAREDES INTERNAS COM PLACAS TIPO ESMALTADA DE DIMENSÕES 33X45 CM APLICADAS NA ALTURA INTEIRA DAS PAREDES. AF_02/2023_PE | C41: m² | D41: 169,0 | E41: - Lavabo = 12,39m² - Bloqueio sanitário = 16,29m² - Processamento = 53,64m² - Matéria Prima = 36,10m² - Banheiro Masculino = 12,21 m² - Banheiro PCD = 14,31m² - Banheiro Feminino = 12,21m² DML = 11,85 m² At = 169,00m²
A42: 6 | B42: PISO
A43: 6.1 | B43: (COMPOSIÇÃO REPRESENTATIVA) DO SERVIÇO DE CONTRAPISO EM ARGAMASSA TRAÇO 1:4 (CIM E AREIA), EM BETONEIRA 400 L, ESPESSURA 3 CM ÁREAS SECAS E 3 CM ÁREAS MOLHADAS, PARA EDIFICAÇÃO HABITACIONAL UNIFAMILIAR (CASA) E EDIFICAÇÃO PÚBLICA PADRÃO. AF_11/2014 | C43: m² | D43: 147,54 | E43: A = 16,70m² + 14,23m² + 3,32m² + 6,25m² + 6,38m² + 5,10m² + 3,90m² + 18,00m² + 12,75m² + 22,30m² + 16,73m² + 7,38m² + 3,00m² + 3,25m² + 5,00m² + 3,25m² = 147,54 m²
A44: 6.2 | B44: Camada regularizadora no traço 1:4 | C44: m² | D44: 147,54 | E44: Idem o item 7.1 = 147,54 m²
A45: 6.3 | B45: REVESTIMENTO CERÂMICO PARA PISO COM PLACAS TIPO ESMALTADA DE DIMENSÕES 60X60 CM APLICADA EM AMBIENTES DE ÁREA MAIOR QUE 10 M2. AF_02/2023_PE | C45: m² | D45: 219,84 | E45: A = 246,54m² - 26,70m² = 219,84 m²
A46: 6.4 | B46: RODAPÉ CERÂMICO DE 7CM DE ALTURA COM PLACAS TIPO ESMALTADA DE DIMENSÕES 60X60CM. AF_02/2023 | C46: M | D46: 102,32 | E46: P1 = 10,20m + 10,20m + 3,65m + 3,65m + 2,45m +2,45m +2,55m +2,55m +4,00m + 2,55m + 2,55m + 1,30m + 1,30m + 3,00m + 3,00m + 3,30m + 2,50m + 6,30m + 9,65m + 3,50m +3,50m +9,35m + 9,35m + 2,95m + 2,95m + 2,50m + 2,50m = 113,75m p2 = 1,83m + 0,70m + 0,70m + 0,80m + 0,70m + 0,70m + 0,90m + 0,90m + 2,00m + 0,70m + 0,90m + 0,70m + 0,70m = 11,43m Pt = 113,75m - 11,43m = 102,32m
A47: 6.5 | B47: EXECUÇÃO DE PASSEIO (CALÇADA) OU PISO DE CONCRETO COM CONCRETO MOLDADO IN LOCO, FEITO EM OBRA, ACABAMENTO CONVENCIONAL, NÃO ARMADO. AF_08/2022 | C47: m³ | D47: 1,6 | E47: A = 1,60m³ ( de acordo com o projeto executivo)
A48: 7 | B48: FORRO
A49: 7.1 | B49: FORRO EM PLACAS DE GESSO, PARA AMBIENTES COMERCIAIS. AF_08/2023_PS | C49: m² | D49: 110,31 | E49: A = 3,32m² + 6,25m² + 6,38m² + 5,10m² + 3,90m² + 18,00m² + 12,75m² + 32,73m² + 3,25m² + 5,00m² + 3,25m² + 3,00m² + 7,38m² = 110,31m²
A50: 7.2 | B50: FORRO EM MADEIRA PINUS, PARA AMBIENTES RESIDENCIAIS, INCLUSIVE ESTRUTURA UNIDIRECIONAL DE FIXAÇÃO. AF_08/2023 | C50: m² | D50: 37,23 | E50: A = 10,20m x 3,65m = 37,23m²
A51: 8 | B51: ESQUADRIAS
A52: 8.1 | B52: KIT DE PORTA-PRONTA DE MADEIRA EM ACABAMENTO MELAMÍNICO BRANCO, FOLHA LEVE OU MÉDIA, E BATENTE METÁLICO, 70X210CM, FIXAÇÃO COM ARGAMASSA - FORNECIMENTO E INSTALAÇÃO. AF_12/2019 | C52: UN | D52: 6,0 | E52: Quantidades de acordo com o projeto executivo
A53: 8.2 | B53: KIT DE PORTA-PRONTA DE MADEIRA EM ACABAMENTO MELAMÍNICO BRANCO, FOLHA LEVE OU MÉDIA, E BATENTE METÁLICO, 80X210CM, FIXAÇÃO COM ARGAMASSA - FORNECIMENTO E INSTALAÇÃO. AF_12/2019 | C53: UN | D53: 1,0 | E53: Quantidades de acordo com o projeto executivo
A54: 8.3 | B54: KIT DE PORTA-PRONTA DE MADEIRA EM ACABAMENTO MELAMÍNICO BRANCO, FOLHA LEVE OU MÉDIA, E BATENTE METÁLICO, 90X210CM, FIXAÇÃO COM ARGAMASSA - FORNECIMENTO E INSTALAÇÃO. AF_12/2019 | C54: UN | D54: 4,0 | E54: Quantidades de acordo com o projeto executivo
A55: 8.4 | B55: Esquadria mad. e=3cm c/ caix. aduela e alizar | C55: m² | D55: 11,7 | E55: A = 2,13m x 1,83m = 3,90 m² x 3 = 11,70 m²
A56: 8.5 | B56: Porta de aço-esteira de enrolar c/ferr.(incl.pint.anti-corrosiva) | C56: m² | D56: 5,0 | E56: A = 2,00m x 2,50m = 5,00 m²
A57: 8.6 | B57: Portas de alum.de correr c/ vidro e ferragens | C57: m² | D57: 4,2 | E57: A = 2,00m x 2,10m = 4,20 m²
A58: 8.7 | B58: JANELA DE ALUMÍNIO DE CORRER COM 2 FOLHAS PARA VIDROS, COM VIDROS, BATENTE, ACABAMENTO COM ACETATO OU BRILHANTE E FERRAGENS. EXCLUSIVE ALIZAR E CONTRAMARCO. FORNECIMENTO E INSTALAÇÃO. AF_12/2019 | C58: m² | D58: 7,55 | E58: J2 = 0,60m x 1,00m = 0,60m² x 3 = 1,80m² J3 = 1,10m x 1,20m = 1,32 m² J4 = 1,50m x 1,10m = 1,65 m² 1,00m x 1,10m = 1,10m² J5 = 1,20m x 1,40m = 1,68 m² At = 7,55 m²
A59: 8.8 | B59: JANELA DE ALUMÍNIO TIPO MAXIM-AR, COM VIDROS, BATENTE E FERRAGENS. EXCLUSIVE ALIZAR, ACABAMENTO E CONTRAMARCO. FORNECIMENTO E INSTALAÇÃO. AF_12/2019 | C59: m² | D59: 1,44 | E59: J1 = 0,60m x 0,60m = 0,36m² x 4 = 1,44 m²
A60: 8.9 | B60: JANELA DE MADEIRA (PINUS/EUCALIPTO OU EQUIV.) TIPO BASCULANTE COM 2 FOLHAS PARA VIDRO, COM BATENTE, ALIZAR E FERRAGENS. EXCLUSIVE VIDROS, ACABAMENTO E CONTRAMARCO. FORNECIMENTO E INSTALAÇÃO. AF_12/2019 | C60: m² | D60: 13,95 | E60: J6 = 1,50m x 3,10m = 4,65 m² x 3 = 13,95 m²
A61: 8.10 | B61: INSTALAÇÃO DE VIDRO LISO, E = 4 MM, EM ESQUADRIA DE MADEIRA, FIXADO COM BAGUETE. AF_01/2021 | C61: m² | D61: 13,95 | E61: Idem item 9.9 = 13,95 m²
A62: 9 | B62: INSTALAÇÕES HIDROSSANITÁRIAS
A63: 9.1 | B63: INSTALAÇÕES DE ÁGUA
A64: 9.1.1 | B64: TUBO, PVC, SOLDÁVEL, DE 25MM, INSTALADO EM RAMAL DE DISTRIBUIÇÃO DE ÁGUA - FORNECIMENTO E INSTALAÇÃO. AF_06/2022 | C64: M | D64: 24,0 | E64: Quantidades de acordo com o projeto executivo
A65: 9.1.2 | B65: SIFÃO DO TIPO FLEXÍVEL EM PVC 1 X 1.1/2 - FORNECIMENTO E INSTALAÇÃO. AF_01/2020 | C65: UN | D65: 5,0 | E65: Quantidades de acordo com o projeto executivo
A66: 9.1.3 | B66: JOELHO 90 GRAUS COM BUCHA DE LATÃO, PVC, SOLDÁVEL, DN 25 MM X 3/4", INSTALADO EM RESERVAÇÃO PREDIAL DE ÁGUA - FORNECIMENTO E INSTALAÇÃO. AF_04/2024 | C66: UN | D66: 14,0 | E66: Quantidades de acordo com o projeto executivo
A67: 9.1.4 | B67: JOELHO 90 GRAUS, PVC, SOLDÁVEL, DN 25MM, INSTALADO EM RAMAL DE DISTRIBUIÇÃO DE ÁGUA - FORNECIMENTO E INSTALAÇÃO. AF_06/2022 | C67: UN | D67: 13,0 | E67: Quantidades de acordo com o projeto executivo
A68: 9.1.5 | B68: JOELHO 90 GRAUS, PVC, SOLDÁVEL, DN 40MM, INSTALADO EM PRUMADA DE ÁGUA - FORNECIMENTO E INSTALAÇÃO. AF_06/2022 | C68: UN | D68: 4,0 | E68: Quantidades de acordo com o projeto executivo
A69: 9.1.6 | B69: TUBO, PVC, SOLDÁVEL, DE 40MM, INSTALADO EM RAMAL DE DISTRIBUIÇÃO DE ÁGUA - FORNECIMENTO E INSTALAÇÃO. AF_06/2022 | C69: M | D69: 12,0 | E69: Quantidades de acordo com o projeto executivo
A70: 9.1.7 | B70: TUBO, PVC, SOLDÁVEL, DE 32MM, INSTALADO EM RAMAL DE DISTRIBUIÇÃO DE ÁGUA - FORNECIMENTO E INSTALAÇÃO. AF_06/2022 | C70: M | D70: 42,0 | E70: Quantidades de acordo com o projeto executivo
A71: 9.1.8 | B71: JOELHO 90 GRAUS, PVC, SOLDÁVEL, DN 32MM, INSTALADO EM RAMAL DE DISTRIBUIÇÃO DE ÁGUA - FORNECIMENTO E INSTALAÇÃO. AF_06/2022 | C71: UN | D71: 11,0 | E71: Quantidades de acordo com o projeto executivo
A72: 9.1.9 | B72: BUCHA DE REDUÇÃO, PVC, SOLDÁVEL, DN 40MM X 32MM, INSTALADO EM RAMAL DE DISTRIBUIÇÃO DE ÁGUA - FORNECIMENTO E INSTALAÇÃO. AF_06/2022 | C72: UN | D72: 4,0 | E72: Quantidades de acordo com o projeto executivo
A73: 9.1.10 | B73: BUCHA DE REDUÇÃO, CURTA, PVC, SOLDÁVEL, DN 32 X 25 MM, INSTALADO EM PRUMADA DE ÁGUA - FORNECIMENTO E INSTALAÇÃO. AF_06/2022 | C73: UN | D73: 9,0 | E73: Quantidades de acordo com o projeto executivo
A74: 9.1.11 | B74: REGISTRO DE GAVETA BRUTO, LATÃO, ROSCÁVEL, 1", COM ACABAMENTO E CANOPLA CROMADOS - FORNECIMENTO E INSTALAÇÃO. AF_08/2021 | C74: UN | D74: 10,0 | E74: Quantidades de acordo com o projeto executivo
A75: 9.1.12 | B75: Torneira de metal cromada de 1/2" ou 3/4" p/ lavatório | C75: un | D75: 1,0 | E75: Quantidades de acordo com o projeto executivo
... A83: 9.1.20 | B83: CAIXA D´ÁGUA EM POLIETILENO, 2000 LITROS - FORNECIMENTO E INSTALAÇÃO. AF_06/2021 | C83: UN | D83: 1,0 | E83: Quantidades de acordo com o projeto executivo
A84: 9.2 | B84: INSTALAÇÕES ESGOTO
A85: 9.2.1 | B85: TUBO PVC, SERIE NORMAL, ESGOTO PREDIAL, DN 40 MM, FORNECIDO E INSTALADO EM RAMAL DE DESCARGA OU RAMAL DE ESGOTO SANITÁRIO. AF_08/2022 | C85: M | D85: 18,0 | E85: Quantidades de acordo com o projeto executivo
A86: 9.2.2 | B86: TUBO PVC, SERIE NORMAL, ESGOTO PREDIAL, DN 50 MM, FORNECIDO E INSTALADO EM PRUMADA DE ESGOTO SANITÁRIO OU VENTILAÇÃO. AF_08/2022 | C86: M | D86: 24,0 | E86: Quantidades de acordo com o projeto executivo
A87: 9.2.3 | B87: TUBO PVC, SERIE NORMAL, ESGOTO PREDIAL, DN 100 MM, FORNECIDO E INSTALADO EM RAMAL DE DESCARGA OU RAMAL DE ESGOTO SANITÁRIO. AF_08/2022 | C87: M | D87: 36,0 | E87: Quantidades de acordo com o projeto executivo
A88: 9.2.4 | B88: JOELHO 90 GRAUS, PVC, SERIE NORMAL, ESGOTO PREDIAL, DN 40 MM, JUNTA SOLDÁVEL, FORNECIDO E INSTALADO EM RAMAL DE DESCARGA OU RAMAL DE ESGOTO SANITÁRIO. AF_08/2022 | C88: UN | D88: 10,0 | E88: Quantidades de acordo com o projeto executivo
A89: 9.2.5 | B89: JOELHO 45 GRAUS, PVC, SERIE NORMAL, ESGOTO PREDIAL, DN 40 MM, JUNTA SOLDÁVEL, FORNECIDO E INSTALADO EM RAMAL DE DESCARGA OU RAMAL DE ESGOTO SANITÁRIO. AF_08/2022 | C89: UN | D89: 5,0 | E89: Quantidades de acordo com o projeto executivo
A90: 9.2.6 | B90: JOELHO 90 GRAUS, PVC, SERIE NORMAL, ESGOTO PREDIAL, DN 50 MM, JUNTA ELÁSTICA, FORNECIDO E INSTALADO EM PRUMADA DE ESGOTO SANITÁRIO OU VENTILAÇÃO. AF_08/2022 | C90: UN | D90: 1,0 | E90: Quantidades de acordo com o projeto executivo
A91: 9.2.7 | B91: JOELHO 45 GRAUS, PVC, SERIE NORMAL, ESGOTO PREDIAL, DN 50 MM, JUNTA ELÁSTICA, FORNECIDO E INSTALADO EM RAMAL DE DESCARGA OU RAMAL DE ESGOTO SANITÁRIO. AF_08/2022 | C91: UN | D91: 2,0 | E91: Quantidades de acordo com o projeto executivo
A92: 9.2.8 | B92: JOELHO 90 GRAUS, PVC, SERIE NORMAL, ESGOTO PREDIAL, DN 100 MM, JUNTA ELÁSTICA, FORNECIDO E INSTALADO EM RAMAL DE DESCARGA OU RAMAL DE ESGOTO SANITÁRIO. AF_08/2022 | C92: UN | D92: 4,0 | E92: Quantidades de acordo com o projeto executivo
A93: 9.2.9 | B93: TE, PVC, SERIE NORMAL, ESGOTO PREDIAL, DN 100 X 100 MM, JUNTA ELÁSTICA, FORNECIDO E INSTALADO EM RAMAL DE DESCARGA OU RAMAL DE ESGOTO SANITÁRIO. AF_08/2022 | C93: UN | D93: 1,0 | E93: Quantidades de acordo com o projeto executivo
A94: 9.2.10 | B94: JUNÇÃO SIMPLES, PVC, SERIE NORMAL, ESGOTO PREDIAL, DN 50 X 50 MM, JUNTA ELÁSTICA, FORNECIDO E INSTALADO EM RAMAL DE DESCARGA OU RAMAL DE ESGOTO SANITÁRIO. AF_08/2022 | C94: UN | D94: 6,0 | E94: Quantidades de acordo com o projeto executivo
A95: 9.2.11 | B95: JUNÇÃO SIMPLES, PVC, SERIE NORMAL, ESGOTO PREDIAL, DN 100 X 100 MM, JUNTA ELÁSTICA, FORNECIDO E INSTALADO EM RAMAL DE DESCARGA OU RAMAL DE ESGOTO SANITÁRIO. AF_08/2022 | C95: UN | D95: 1,0 | E95: Quantidades de acordo com o projeto executivo
A96: 9.2.12 | B96: Junção simples PVC JS - 100 x 50mm - LS | C96: un | D96: 3,0 | E96: Quantidades de acordo com o projeto executivo
... A102: 9.2.18 | B102: SUMIDOURO RETANGULAR, EM ALVENARIA COM TIJOLOS CERÂMICOS MACIÇOS, DIMENSÕES INTERNAS: 1,6 X 5,8 X H=3,0 M, ÁREA DE INFILTRAÇÃO: 50 M² (PARA 20 CONTRIBUINTES). AF_12/2020 | C102: UN | D102: 1,0 | E102: Quantidades de acordo com o projeto executivo
A103: 9.3 | B103: LOUÇAS, METAL E ACESSÓRIOS
A104: 9.3.1 | B104: Bacia sifonada - PCD | C104: un | D104: 1,0 | E104: Quantidades de acordo com o projeto executivo
A105: 9.3.2 | B105: Bacia sifonada c/cx. descarga acoplada c/ assento | C105: un | D105: 2,0 | E105: Quantidades de acordo com o projeto executivo
A106: 9.3.3 | B106: Lavatório de louça s/ coluna (incl. torn.sifão e válvula )-PCD | C106: un | D106: 1,0 | E106: Quantidades de acordo com o projeto executivo
A107: 9.3.4 | B107: CUBA DE EMBUTIR OVAL EM LOUÇA BRANCA, 35 X 50CM OU EQUIVALENTE, INCLUSO VÁLVULA EM METAL CROMADO E SIFÃO FLEXÍVEL EM PVC - FORNECIMENTO E INSTALAÇÃO. AF_01/2020 | C107: UN | D107: 3,0 | E107: Quantidades de acordo com o projeto executivo
A108: 9.3.5 | B108: Pia 01 cuba em aço inox c/torn.,sifao e valv.(1,50m) | C108: un | D108: 1,0 | E108: Quantidades de acordo com o projeto executivo
A109: 9.3.6 | B109: Tanque inox c/ torneira, sifao e valvula | C109: un | D109: 1,0 | E109: Quantidades de acordo com o projeto executivo
A110: 9.3.7 | B110: KIT DE ACESSORIOS PARA BANHEIRO EM METAL CROMADO, 5 PECAS, INCLUSO FIXAÇÃO. AF_01/2020 | C110: UN | D110: 4,0 | E110: Quantidades de acordo com o projeto executivo
A111: 9.3.8 | B111: BARRA DE APOIO EM "L", EM ACO INOX POLIDO 70 X 70 CM, FIXADA NA PAREDE - FORNECIMENTO E INSTALACAO. AF_01/2020 | C111: UN | D111: 1,0 | E111: Quantidades de acordo com o projeto executivo
A112: 9.3.9 | B112: BARRA DE APOIO RETA, EM ALUMINIO, COMPRIMENTO 70 CM, FIXADA NA PAREDE - FORNECIMENTO E INSTALAÇÃO. AF_01/2020 | C112: UN | D112: 1,0 | E112: Quantidades de acordo com o projeto executivo
A113: 9.3.10 | B113: Granito e=2cm | C113: m² | D113: 0,2 | E113: Quantidades de acordo com o projeto executivo
A114: 10 | B114: INSTALAÇÕES ELÉTRICAS
A115: 10.1 | B115: CAIXA RETANGULAR 4" X 2" MÉDIA (1,30 M DO PISO), PVC, INSTALADA EM PAREDE - FORNECIMENTO E INSTALAÇÃO. AF_03/2023 | C115: UN | D115: 65,0 | E115: Quantidades de acordo com o projeto executivo
A116: 10.2 | B116: CAIXA OCTOGONAL 3" X 3", PVC, INSTALADA EM LAJE - FORNECIMENTO E INSTALAÇÃO. AF_03/2023 | C116: UN | D116: 41,0 | E116: Quantidades de acordo com o projeto executivo
A117: 10.3 | B117: CABO DE COBRE FLEXÍVEL ISOLADO, 16 MM², 0,6/1,0 KV, PARA REDE AÉREA DE DISTRIBUIÇÃO DE ENERGIA ELÉTRICA DE BAIXA TENSÃO - FORNECIMENTO E INSTALAÇÃO. AF_07/2020 | C117: M | D117: 354,5 | E117: Quantidades de acordo com o projeto executivo
...

Sheet BDI
A3: PREFEITURA MUNICIPAL DE NOVO REPARTIMENTO
A4: SECRETARIA MUNICIPAL DE GESTÃO E PLANEJAMENTO
A8: COMPOSIÇÃO ANALÍTICA DA TAXA DE BONIFICAÇÃO E DESPESAS INDIRETAS (BDI)
A11: DEMOSTRATIVO DA COMPOSIÇÃO DO B.D.I - DESONERADO
A12: Item Componente do BDI | C12: Valores Propostos (%)
A13: AC | B13: Administração central | C13: 0.03
A15: R | B15: Risco | C15: 0.0097
A17: G + S | B17: Garantia + Seguro | C17: 0.008
A19: DF | B19: Despesas financeiras | C19: 0.0059
A21: L | B21: Lucro | C21: 0.0616
A23: I | B23: Impostos (PIS, Cofins, ISS, CPRB) | C23: =C27+C29+C31+C35 -> 0.1315
B25: TRIBUTOS
B27: PIS | C27: 0.0065
B29: Confins | C29: 0.03
B31: ISS | C31: 0.05
B33: Contribuição Previdenciária sobre a Receita Bruta
B35: CPRB | C35: 0.045
A38: B.D.I. = | C38: =(((1+C13+C15+C17)*(1+C19)*(1+C21))/(1-C23))-1 -> 0.28819865
A40: O cálculo foi elaborado conforme equação para cálculo do percentual do BDI recomendada pelo relatório do acórdão TCU – 2369/2011 e TCU – 2622/2013, conforme abaixo ilustrado.
A45: Onde:
A47: AC = | B47: taxa de administração central
A48: S = | B48: taxa de seguros
A49: R = | B49: taxa de riscos
A50: G = | B50: taxa de garantias
A51: DF = | B51: taxa de despesas financeiras
A52: L = | B52: taxa de lucro/remuneração
A53: I = | B53: taxa de incidência de impostos (PIS, COFINS e ISS)
B58: ='Resumo do Orçamento'!E30 -> Novo Repartimento-PA, 04 de Fevereiro de 2025

Sheet Curva ABC de Insumos
A3: PREFEITURA MUNICIPAL DE NOVO REPARTIMENTO
A4: SECRETARIA MUNICIPAL DE GESTÃO E PLANEJAMENTO
A5: DEPARTAMENTO DE ENGENHARIA
D9: Obra | E9: Bancos | F9: B.D.I. | I9: Encargos Sociais
D10: CONSTRUÇÃO DA FÁBRICA E ESCOLA DE CHOCOLATE | E10: SINAPI - 10/2024 - Pará SBC - 11/2024 - Pará SEDOP - 10/2024 - Pará | F10: 28,82% | I10: Desonerado: Horista: 88,37% Mensalista: 48,18%
A11: Curva ABC de Insumos
A12: Código | B12: Banco | C12: Grupo | D12: Descrição | E12: Tipo | F12: Und | G12: Quantidade | I12: Valor Unitário | K12: Total | N12: Peso | O12: Valor Acumulado | P12: Peso Acumulado
G13: Operativa | H13: Improdutiva | I13: Operativa | J13: Improdutiva | K13: Operativa | L13: Improdutiva | M13: Geral
A14: 00001379 | B14: SINAPI | D14: CIMENTO PORTLAND COMPOSTO CP II-32 | E14: Material | F14: KG | G14: 22.964,1344621 | I14: 1,57 | K14: 36.053,69 | M14: 36053.691 | N14: 7,24% | O14: 36053.691 | P14: 7,24%
A15: MO475000 | B15: SEDOP | D15: PEDREIRO | E15: Mão de Obra | F15: h | G15: 782,7679539 | I15: 22,20 | K15: 17.377,45 | M15: 17377.449 | N15: 3,49% | O15: 53431.14 | P15: 10,73%
A16: 00001292 | B16: SINAPI | D16: PISO EM CERAMICA ESMALTADA, COR LISA, PEI MAIOR OU IGUAL A 4, FORMATO MAIOR QUE 2025 CM2 | E16: Material | F16: M² | G16: 254,2159440 | I16: 62,33 | K16: 15.845,28 | M16: 15845.28 | N16: 3,18% | O16: 69276.419 | P16: 13,91%
A17: MO121400 | B17: SEDOP | D17: CARPINTEIRO | E17: Mão de Obra | F17: h | G17: 665,7406776 | I17: 22,20 | K17: 14.779,44 | M17: 14779.443 | N17: 2,97% | O17: 84055.863 | P17: 16,87%
A18: 00004750 | B18: SINAPI | D18: PEDREIRO (HORISTA) | E18: Mão de Obra | F18: H | G18: 662,1962973 | I18: 22,20 | K18: 14.700,76 | M18: 14700.758 | N18: 2,95% | O18: 98756.62 | P18: 19,82%
A19: EC373700 | B19: SEDOP | D19: ALIMENTACAO - HORISTA (ENCARGOS COMPLEMENTARES)(COLETADOCAIXA) | E19: Material | F19: h | G19: 3.221,6817535 | I19: 4,47 | K19: 14.400,92 | M19: 14400.917 | N19: 2,89% | O19: 113157.54 | P19: 22,72%
A20: 00037370 | B20: SINAPI | D20: ALIMENTACAO - HORISTA (COLETADO CAIXA - ENCARGOS COMPLEMENTARES) | E20: Material | F20: H | G20: 3.186,5331921 | I20: 4,47 | K20: 14.243,80 | M20: 14243.803 | N20: 2,86% | O20: 127401.34 | P20: 25,57%
A21: 00006111 | B21: SINAPI | D21: SERVENTE DE OBRAS (HORISTA) | E21: Mão de Obra | F21: H | G21: 872,3374556 | I21: 16,07 | K21: 14.018,46 | M21: 14018.463 | N21: 2,81% | O21: 141419.8 | P21: 28,39%
A22: D00036 | B22: SEDOP | D22: Tijolo de barro 14x19x9 | E22: Material | F22: un | G22: 14.003,4500000 | I22: 1,00 | K22: 14.003,45 | M22: 14003.45 | N22: 2,81% | O22: 155423.25 | P22: 31,20%
A23: MO611100 | B23: SEDOP | D23: SERVENTE | E23: Mão de Obra | F23: h | G23: 848,7525119 | I23: 16,07 | K23: 13.639,45 | M23: 13639.453 | N23: 2,74% | O23: 169062.71 | P23: 33,94%
A24: MO611700 | B24: SEDOP | D24: CARPINTEIRO AUXILIAR | E24: Mão de Obra | F24: h | G24: 747,9721103 | I24: 16,07 | K24: 12.019,91 | M24: 12019.912 | N24: 2,41% | O24: 181082.62 | P24: 36,35%
A25: 00003437 | B25: SINAPI | D25: JANELA BASCULANTE EM MADEIRA PINUS/ EUCALIPTO/ TAUARI/ VIROLA OU EQUIVALENTE DA REGIAO, CAIXA DO BATENTE/ MARCO *10* CM, *2* FOLHAS BASCULANTES PARA VIDRO, COM FERRAGENS (SEM VIDRO, SEM GUARNICAO/ALIZAR E SEM ACABAMENTO) | E25: Material | F25: M² | G25: 13,9500000 | I25: 774,37 | K25: 10.802,46 | M25: 10802.461 | N25: 2,17% | O25: 191885.08 | P25: 38,52%
... A310: EC434640 | B310: SEDOP | D310: FERRAMENTAS - FAMILIA OPERADOR ESCAVADEIRA -HORISTA(ENCARGOS COMPLEMENTARES - COLETADO CAIXA) | E310: Material | F310: h | G310: 13,0338535 | I310: 0,01 | K310: 0,13 | M310: 0.13033854 | N310: 0,00% | O310: 497997.01 | P310: 99,97%
M312: Totais por Tipo
L313: Equipamento | P313: R$ 9.159,02
L314: Equipamento para Aquisição Permanente | P314: R$ 0,00
L315: Mão de Obra | P315: R$ 127.411,26
L316: Material | P316: R$ 357.188,64
L317: Serviços | P317: R$ 4.078,76
L318: Taxas | P318: R$ 159,33
L319: Administração | P319: R$ 0,00
L320: Aluguel | P320: R$ 0,00
L321: Verba | P321: R$ 0,00
L322: Transporte | P322: R$ 0,00
L323: Franquia | P323: R$ 0,00
L324: Outros | P324: R$ 0,00
L326: MÃO DE OBRA COM BDI (32,94%) | P326: 164090.86
L327: MATERIAL COM BDI (67,06%) | P327: 334059.91
L329: Total sem BDI | N329: 386737.83
L330: Total do BDI | N330: 111412.94
L331: Total Geral | N331: 498150.77
L334: ='Resumo do Orçamento'!E30 -> Novo Repartimento-PA, 04 de Fevereiro de 2025
A336: _______________________________________________________________ Williams José Gonçalves de Almeida Setor de Engenharia

Sheet ENC. SOCIAL 
A2: PREFEITURA MUNICIPAL DE NOVO REPARTIMENTO
A3: SECRETARIA MUNICIPAL DE GESTÃO E PLANEJAMENTO
A4: DEPARTAMENTO DE ENGENHARIA
B7: TAXA DE ENCARGOS SOCIAIS
A9: TAXA DE ENCARGOS SOCIAIS | D9: HORISTA | E9: MENSALISTA
B10: GRUPO A | D10: % | E10: %
A11: A1 | B11: INSS | D11: 0 | E11: =D11 -> 0
A12: A2 | B12: SESI | D12: 0.015 | E12: =D12 -> 0.015
A13: A3 | B13: SENAI | D13: 0.01 | E13: =D13 -> 0.01
A14: A4 | B14: INCRA | D14: 0.002 | E14: =D14 -> 0.002
A15: A5 | B15: SEBRAE | D15: 0.006 | E15: =D15 -> 0.006
A16: A6 | B16: Salário-educação | D16: 0.025 | E16: =D16 -> 0.025
A17: A7 | B17: Seguro contra acidentes de trabalho | D17: 0.03 | E17: =D17 -> 0.03
A18: A8 | B18: FGTS | D18: 0.08 | E18: =D18 -> 0.08
A19: A9 | B19: SECONCI | D19: 0 | E19: =D19 -> 0
A20: A | B20: Total de Encargos Sociais Básicos | D20: =SUM(D11:D19) -> 0.168 | E20: =SUM(E11:E19) -> 0.168
B22: GRUPO B | D22: % | E22: %
A23: B1 | B23: Repouso semanal remunerado | D23: 0.1813 | E23: 0
A24: B2 | B24: Feriados | D24: 0.0416 | E24: 0
A25: B3 | B25: Auxílio - Enfermidade | D25: 0.0089 | E25: 0.0066
A26: B4 | B26: 13º Salário | D26: 0.1123 | E26: 0.0833
A27: B5 | B27: Licença Paternidade | D27: 0.0007 | E27: 0.0005
A28: B6 | B28: Faltas Justificadas | D28: 0.0075 | E28: 0.0056
A29: B7 | B29: Dias de Chuvas | D29: 0.0275 | E29: 0
A30: B8 | B30: Auxílio Acidente de Trabalho | D30: 0.0011 | E30: 0.0008
A31: B9 | B31: Férias Gozadas | D31: 0.1317 | E31: 0.0977
A32: B10 | B32: Salário Maternidade | D32: 0.0004 | E32: 0.0003
A33: B | B33: Total de Encargos Sociais que recebem incidências de A | D33: =SUM(D23:D32) -> 0.513 | E33: =SUM(E23:E32) -> 0.1948
B35: GRUPO C | D35: % | E35: %
A36: C1 | B36: Aviso Prévio Indenizado | D36: 0.0582 | E36: 0.0432
A37: C2 | B37: Aviso Prévio Trabalhado | D37: 0.0014 | E37: 0.001
A38: C3 | B38: Férias Indenizadas | D38: 0.0182 | E38: 0.0135
A39: C4 | B39: Depósito Rescisão Sem Justa Causa | D39: 0.0289 | E39: 0.0214
A40: C5 | B40: Indenização Adicional | D40: 0.0049 | E40: 0.0036
A41: C | B41: Total dos Encargos Sociais que não recebem as incidências globais de A | D41: =SUM(D36:D40) -> 0.1116 | E41: =SUM(E36:E40) -> 0.0827
B43: GRUPO D | D43: % | E43: %
A44: D1 | B44: Reincidência de A sobre B | D44: =D20*D33 -> 0.086184 | E44: 0.0327
A45: D2 | B45: Reincidência de Grupo A sobre Aviso Prévio Trabalhado e Reincidência do FGTS sobre Aviso Prévio Indenizado | D45: 0.0049 | E45: 0.0036
A46: D | B46: Total das Taxas incidências e reincidências | D46: =SUM(D44:D45) -> 0.091084 | E46: =SUM(E44:E45) -> 0.0363
B49: TOTAL DOS ENCARGOS SOCIAIS: | D49: =SUM(D20,D33,D41,D46) -> 0.883684 | E49: =SUM(E20,E33,E41,E46) -> 0.4818
C52: ='Resumo do Orçamento'!E30 -> Novo Repartimento-PA, 04 de Fevereiro de 2025

Sheet CRONOGRAMA
A3: PREFEITURA MUNICIPAL DE NOVO REPARTIMENTO
A4: SECRETARIA MUNICIPAL DE GESTÃO E PLANEJAMENTO
A5: DEPARTAMENTO DE ENGENHARIA
A9: Município | B9: Obra | C9: Bancos | D9: B.D.I. | F9: Encargos Sociais
A10: NOVO REPARTIMENTO-PA | B10: CONSTRUÇÃO DA FÁBRICA E ESCOLA DE CHOCOLATE | C10: SINAPI - 10/2024 - Pará SBC - 11/2024 - Pará SEDOP - 10/2024 - Pará | D10: 28,82% | F10: Desonerado: Horista: 88,37% Mensalista: 48,18%
A11: Cronograma Físico e Financeiro
A12: Item | B12: Descrição | C12: Total Por Etapa | D12: 30 DIAS | E12: 60 DIAS | F12: 90 DIAS | G12: 120 DIAS | H12: 150 DIAS
A13: 1 | B13: SERVIÇOS INICIAIS | C13: 100,00% 1.142,77 | D13: 50,00% 571,39 | H13: 50,00% 571,39
A14: 2 | B14: ESTRUTURA | C14: 100,00% 97.184,70 | D14: 40,00% 38.873,88 | E14: 60,00% 58.310,82
A15: 3 | B15: VEDAÇÃO | C15: 100,00% 51.553,83 | D15: 50,00% 25.776,92 | E15: 50,00% 25.776,92
A16: 4 | B16: COBERTURA | C16: 100,00% 65.060,13 | F16: 50,00% 32.530,07 | G16: 50,00% 32.530,07
A17: 5 | B17: REVESTIMENTO | C17: 100,00% 45.476,38 | E17: 30,00% 13.642,91 | F17: 40,00% 18.190,55 | G17: 30,00% 13.642,91
A18: 6 | B18: PISO | C18: 100,00% 41.523,98 | E18: 50,00% 20.761,99 | F18: 30,00% 12.457,19 | G18: 20,00% 8.304,80
A19: 7 | B19: FORRO | C19: 100,00% 12.715,14 | F19: 50,00% 6.357,57 | G19: 50,00% 6.357,57
A20: 8 | B20: ESQUADRIAS | C20: 100,00% 46.636,11 | G20: 50,00% 23.318,06 | H20: 50,00% 23.318,06
A21: 9 | B21: INSTALAÇÕES HIDROSSANITÁRIAS | C21: 100,00% 71.916,57 | E21: 30,00% 21.574,97 | F21: 30,00% 21.574,97 | G21: 40,00% 28.766,63
A22: 10 | B22: INSTALAÇÕES ELÉTRICAS | C22: 100,00% 39.150,43 | F22: 30,00% 11.745,13 | G22: 30,00% 11.745,13 | H22: 40,00% 15.660,17
A23: 11 | B23: PINTURA | C23: 100,00% 22.834,57 | G23: 50,00% 11.417,29 | H23: 50,00% 11.417,29
A24: 12 | B24: SERVIÇOS FINAIS | C24: 100,00% 2.956,16 | H24: 100,00% 2.956,16
A25: Porcentagem | D25: 13,09% | E25: 28,12% | F25: 20,65% | G25: 27,32% | H25: 10,82%
A26: Custo | D26: 65.222,18 | E26: 140.067,61 | F26: 102.855,48 | G26: 136.082,44 | H26: 53.923,05
A27: Porcentagem Acumulado | D27: 13,09% | E27: 41,21% | F27: 61,86% | G27: 89,18% | H27: 100,0%
A28: Custo Acumulado | D28: 65.222,18 | E28: 205.289,79 | F28: 308.145,27 | G28: 444.227,71 | H28: 498.150,77
D31: ='Resumo do Orçamento'!E30 -> Novo Repartimento-PA, 04 de Fevereiro de 2025
A33: _______________________________________________________________ Williams José Gonçalves de Almeida Setor de Engenharia

Sheet PLANILHA DE MAIOR RELEVANCIA
A3: PREFEITURA MUNICIPAL DE NOVO REPARTIMENTO
A4: SECRETARIA MUNICIPAL DE GESTÃO E PLANEJAMENTO
A9: Município | D9: Obra | E9: ='Resumo do Orçamento'!E9 -> Bancos | F9: ='Resumo do Orçamento'!F9 -> B.D.I. | I9: ='Resumo do Orçamento'!I9 -> Encargos Sociais
A10: NOVO REPARTIMENTO-PA | D10: ='Resumo do Orçamento'!D10 -> CONSTRUÇÃO DA FÁBRICA E ESCOLA DE CHOCOLATE | E10: ='Resumo do Orçamento'!E10 -> SINAPI - 10/2024 - Pará SBC - 11/2024 - Pará SEDOP - 10/2024 - Pará | F10: ='Resumo do Orçamento'!F10 -> 28,82% | I10: ='Resumo do Orçamento'!I10 -> Desonerado: Horista: 88,37% Mensalista: 48,18%
A11: Planilha de maior relevância de serviços.
A12: Item | D12: Descrição | J12: UNID. | K12: QUANT. | L12: 0.5
A13: 4.3 | D13: CUMEEIRA E ESPIGÃO PARA TELHA CERÂMICA EMBOÇADA COM ARGAMASSA TRAÇO 1:2:9 (CIMENTO, CAL E AREIA), PARA TELHADOS COM MAIS DE 2 ÁGUAS, INCLUSO TRANSPORTE VERTICAL. AF_07/2019 | J13: M | K13: =L13*2 -> 20.54 | L13: 10.27
A14: 5.3 | D14: REVESTIMENTO CERÂMICO PARA PAREDES INTERNAS COM PLACAS TIPO ESMALTADA DE DIMENSÕES 33X45 CM APLICADAS NA ALTURA INTEIRA DAS PAREDES. AF_02/2023_PE | J14: M² | K14: =L14*2 -> 169 | L14: 84.5
A15: 6.3 | D15: REVESTIMENTO CERÂMICO PARA PISO COM PLACAS TIPO ESMALTADA DE DIMENSÕES 60X60 CM APLICADA EM AMBIENTES DE ÁREA MAIOR QUE 10 M2. AF_02/2023_PE | J15: M² | K15: =L15*2 -> 219.84 | L15: 109.92
A16: 7.1 | D16: FORRO EM PLACAS DE GESSO, PARA AMBIENTES COMERCIAIS. AF_08/2023_PS | J16: M² | K16: =L16*2 -> 110.3 | L16: 55.15
A17: 8.4 | D17: Esquadria mad. e=3cm c/ caix. aduela e alizar | J17: M² | K17: =L17*2 -> 11.7 | L17: 5.85
G22: ='Resumo do Orçamento'!E30 -> Novo Repartimento-PA, 04 de Fevereiro de 2025
A26: _______________________________________________________________
